Map: Phantom Mode

Players

WangFu

  • Race: Protoss Protoss
  • Spawn Location: 7:00

HunterTCP

  • Race: Zerg Zerg
  • League: Diamond
  • Spawn Location: 5:00

CptBabyMeat

  • Race: Protoss Protoss
  • Spawn Location: 7:00

Cyclone

  • Race: Terran Terran
  • Spawn Location: 3:00

MiCrO

  • Race: Protoss Protoss
  • League: Platinum
  • Spawn Location: 9:00

Slamy

  • Race: Zerg Zerg
  • Spawn Location: 1:00

Motive

  • Race: Terran Terran
  • Spawn Location: 5:00

meatyowllegs

  • Race: Zerg Zerg
  • Spawn Location: 11:00

VOD

Have the link to the VOD?

Description

Time

  • Played on: Nov. 30, 2024, 7:21 p.m.
  • Length: 66:13
Show
View Real Time Build Order
Export as new Build Order

WangFu Protoss 

Build Orders: 1 Gate Expand, Double Forge, Nexus First 

Get SALT Encoding   

  12  0:31  Probe  
  12  0:33  Pylon  
  12  0:35  Assimilator  
  13  0:38  Assimilator  
  13  0:43  Probe  
  14  0:55  Probe, Nexus  
  14  0:56  Gateway  
  15  0:58  Assimilator  
  15  1:00  Assimilator  
  15  1:06  Pylon  
  15  1:08  Probe  
  16  1:20  Probe  
  17  1:29  Probe  
  18  1:38  Probe  
  18  1:45  Cybernetics Core  
  18  1:46  Probe  
  19  1:48  Pylon  
  20  1:58  Probe  
  21  2:03  Probe  
  22  2:10  Probe  
  22  2:11  Probe  
  23  2:22  Probe x2  
  25  2:23  Warp Gate  
  26  2:31  Probe  
  26  2:34  Probe  
  28  2:39  Probe  
  29  2:46  Probe  
  29  2:48  Probe  
  30  2:53  Stargate  
  30  2:54  Pylon  
  31  2:59  Probe  
  31  3:00  Probe  
  33  3:08  Probe  
  33  3:11  Probe  
  35  3:16  Probe  
  35  3:23  Probe  
  35  3:26  Probe, Forge  
  38  3:35  Probe  
  38  3:37  Probe  
  38  3:41  Fleet Beacon  
  40  3:46  Probe  
  40  3:50  Probe  
  40  3:54  Probe  
  42  3:56  Cybernetics Core  
  42  4:00  Pylon  
  42  4:02  Stargate  
  43  4:06  Probe  
  43  4:08  Protoss Shields Level 1  
  44  4:18  Probe  
  45  4:24  Forge  
  45  4:26  Forge  
  45  4:29  Tempest  
  49  4:38  Twilight Council  
  49  4:46  Shield Battery  
  49  4:47  Pylon  
  49  4:52  Shield Battery  
  49  4:53  Pylon  
  49  4:55  Photon Cannon  
  49  5:00  Photon Cannon  
  49  5:17  Tempest  
  49  5:18  Protoss Air Armor Level 1, Protoss Air Weapons Level 1  
  53  5:22  Shield Battery  
  53  5:25  Shield Battery  
  53  5:32  Tempest  
  57  5:36  Shield Battery  
  57  5:49  Stargate x2  
  57  6:00  Tempest  
  61  6:04  Stargate  
  61  6:14  Tempest  
  65  6:38  Nexus  
  65  6:40  Nexus  
  65  6:47  Tempest  
  65  6:49  Tempest  
  65  6:51  Protoss Shields Level 2  
  73  6:55  Unknown  
  73  6:58  Protoss Ground Armor Level 1  
  73  7:01  Protoss Ground Weapons Level 1  
  73  7:19  Protoss Air Weapons Level 2  
  73  7:20  Protoss Air Armor Level 2  
  73  7:21  Tempest  
  77  7:29  Tempest  
  81  7:37  Tempest  
  85  7:49  Tempest  
  85  7:50  Pylon  
  89  7:56  Pylon  
  89  8:01  Pylon  
  89  8:03  Pylon  
  89  8:06  Pylon  
  89  8:10  Tempest  
  93  8:14  Shield Battery  
  93  8:19  Shield Battery  
  93  8:21  Shield Battery  
  93  8:25  Shield Battery  
  93  8:29  Photon Cannon  
  93  8:39  Robotics Facility  
  93  8:41  Tempest  
  97  8:50  Tempest  
  101  9:04  Tempest  
  101  9:06  Tempest  
  109  9:12  Protoss Shields Level 3  
  109  9:24  Tempest  
  109  9:27  Observer  
  114  9:41  Pylon  
  114  9:44  Pylon  
  114  9:48  Pylon  
  114  9:54  Pylon  
  114  9:55  Pylon  
  114  9:58  Pylon  
  114  10:00  Pylon  
  114  10:02  Pylon  
  114  10:04  Pylon  
  114  10:06  Pylon  
  114  10:08  Pylon  
  114  10:10  Pylon  
  114  10:13  Pylon  
  114  10:15  Shield Battery  
  114  10:24  Shield Battery  
  114  10:27  Shield Battery  
  114  10:30  Shield Battery  
  114  10:36  Shield Battery  
  114  10:38  Shield Battery  
  114  10:44  Tempest, Shield Battery  
  114  10:45  Photon Cannon  
  114  10:48  Shield Battery  
  118  10:52  Tempest  
  122  11:00  Tempest  
  126  11:08  Tempest  
  130  11:15  Shield Battery  
  130  11:19  Shield Battery  
  130  11:21  Shield Battery  
  130  11:23  Shield Battery  
  130  11:45  Tempest  
  134  11:51  Protoss Air Weapons Level 3  
  134  11:54  Tempest  
  138  11:59  Protoss Air Armor Level 3  
  138  12:00  Photon Cannon  
  138  12:05  Photon Cannon  
  138  12:16  Tempest  
  138  12:19  Photon Cannon  
  142  12:27  Photon Cannon  
  142  12:29  Photon Cannon  
  142  12:35  Tempest  
  146  12:41  Tempest  
  150  12:48  Photon Cannon  
  150  12:59  Pylon  
  150  13:01  Shield Battery  
  150  13:07  Pylon  
  150  13:09  Shield Battery  
  150  13:11  Photon Cannon  
  150  13:12  Photon Cannon  
  150  13:37  Photon Cannon x2  
  150  13:38  Tempest x2  
  158  13:43  Tempest  
  162  13:51  Tempest  
  166  13:59  Tempest  
  170  14:11  Photon Cannon  
  170  14:13  Photon Cannon  
  170  14:34  Photon Cannon  
  170  14:39  Pylon  
  170  14:43  Gateway  
  170  14:47  Pylon  
  170  14:52  Photon Cannon  
  170  14:54  Photon Cannon  
  170  14:55  Photon Cannon  
  170  14:58  Tempest  
  174  15:00  Photon Cannon x2  
  174  15:06  Tempest  
  178  15:14  Gateway  
  178  15:17  Gateway  
  178  15:23  Shield Battery  
  178  15:25  Gateway  
  178  15:31  Gateway  
  178  15:35  Gateway  
  178  15:47  Photon Cannon  
  178  15:49  Photon Cannon  
  178  15:56  Photon Cannon  
  178  15:58  Photon Cannon  
  178  16:02  Tempest  
  182  16:10  Tempest  
  186  16:18  Tempest  
  190  16:30  Tempest  
  194  16:34  Tempest  
  198  16:41  Photon Cannon  
  198  17:25  Photon Cannon  
  198  17:29  Photon Cannon  
  198  17:36  Photon Cannon  
  198  17:39  Photon Cannon  
  198  17:42  Photon Cannon  
  198  17:47  Photon Cannon  
  198  17:51  Photon Cannon  
  198  17:52  Photon Cannon  
  198  17:55  Photon Cannon  
  198  17:56  Photon Cannon  
  198  18:01  Pylon  
  198  18:21  Gateway  
  198  18:23  Gateway  
  198  18:25  Shield Battery  
  198  18:29  Pylon  
  198  18:30  Gateway  
  198  18:32  Shield Battery  
  198  18:36  Photon Cannon  
  198  18:37  Photon Cannon  
  198  18:38  Photon Cannon  
  198  18:39  Photon Cannon  
  198  18:40  Photon Cannon  
  198  18:41  Photon Cannon  
  198  18:44  Photon Cannon  
  198  18:45  Photon Cannon  
  198  18:47  Photon Cannon  
  198  19:04  Photon Cannon  
  198  19:08  Photon Cannon  
  198  19:10  Photon Cannon  
  198  19:14  Photon Cannon  
  198  19:22  Photon Cannon  
  198  19:24  Photon Cannon  
  198  19:25  Photon Cannon  
  198  19:28  Photon Cannon x2  
  198  19:45  Dark Shrine  
  198  20:01  Photon Cannon  
  198  20:02  Photon Cannon  
  198  20:04  Photon Cannon  
  198  20:05  Photon Cannon  
  198  20:06  Photon Cannon  
  198  20:08  Photon Cannon  
  198  20:09  Photon Cannon  
  198  20:10  Photon Cannon  
  198  20:15  Photon Cannon  
  198  20:18  Photon Cannon  
  198  20:25  Photon Cannon  
  198  20:33  Photon Cannon  
  198  20:34  Photon Cannon  
  198  20:45  Photon Cannon  
  198  20:46  Photon Cannon  
  198  21:08  Pylon  
  198  21:09  Shield Battery  
  198  21:11  Shield Battery  
  198  21:21  Pylon  
  198  21:25  Shield Battery  
  198  21:29  Photon Cannon  
  198  21:31  Photon Cannon  
  198  21:32  Photon Cannon  
  198  21:34  Photon Cannon  
  198  21:39  Photon Cannon  
  198  21:42  Photon Cannon  
  198  21:43  Photon Cannon  
  198  21:44  Photon Cannon  
  198  21:45  Photon Cannon  
  198  21:49  Photon Cannon  
  198  22:01  Stargate  
  198  22:02  Stargate  
  198  22:13  Stargate  
  198  22:18  Photon Cannon  
  198  22:19  Photon Cannon  
  198  22:20  Photon Cannon  
  198  22:32  Photon Cannon  
  198  22:41  Photon Cannon x2  
  198  22:43  Photon Cannon  
  198  22:44  Stargate  
  198  22:45  Stargate  
  198  22:50  Stargate  
  198  22:55  Photon Cannon x2  
  198  23:02  Stargate  
  198  23:12  Photon Cannon  
  198  23:13  Photon Cannon  
  198  23:17  Stargate  
  198  23:20  Stargate  
  198  23:39  Stargate  
  198  23:43  Photon Cannon  
  198  23:44  Pylon, Shield Battery  
  198  23:46  Shield Battery  
  198  23:47  Pylon  
  198  23:50  Photon Cannon  
  198  23:53  Stargate  
  198  27:25  Pylon  
  198  27:41  Pylon  
  198  27:47  Stargate x2  
  198  28:02  Stargate  
  198  28:03  Stargate  
  198  28:04  Shield Battery  
  198  28:10  Stargate  
  198  28:14  Shield Battery  
  198  28:15  Shield Battery  
  198  28:18  Photon Cannon  
  198  28:19  Photon Cannon  
  198  28:23  Stargate  
  198  28:25  Photon Cannon x2  
  198  28:31  Photon Cannon  
  198  28:32  Photon Cannon  
  198  28:33  Photon Cannon  
  198  28:35  Pylon  
  198  28:37  Anion Pulse-Crystals, Pylon, Shield Battery  
  198  28:39  Shield Battery  
  198  28:41  Photon Cannon x2, Protoss Ground Weapons Level 2, Protoss Ground Armor Level 2  
  198  28:43  Photon Cannon x2  
  198  28:48  Photon Cannon  
  198  28:49  Photon Cannon  
  198  28:50  Shadow Stride  
  198  29:03  Shield Battery  
  198  29:18  Photon Cannon x2  
  198  29:19  Photon Cannon  
  198  29:21  Photon Cannon  
  198  29:22  Photon Cannon  
  198  29:23  Photon Cannon  
  198  29:25  Photon Cannon  
  198  29:26  Photon Cannon  
  198  29:27  Photon Cannon  
  198  29:29  Photon Cannon  
  198  29:41  Flux Vanes  
  198  30:11  Photon Cannon x2  
  198  30:13  Photon Cannon  
  198  30:16  Photon Cannon x2  
  198  30:18  Photon Cannon  
  198  30:20  Photon Cannon  
  198  30:23  Photon Cannon  
  198  30:24  Photon Cannon  
  198  31:33  Photon Cannon  
  198  31:35  Photon Cannon  
  198  31:36  Photon Cannon  
  198  31:37  Photon Cannon  
  198  31:41  Photon Cannon  
  198  31:43  Photon Cannon  
  198  31:44  Photon Cannon  
  198  31:45  Photon Cannon  
  198  31:47  Photon Cannon  
  198  31:48  Photon Cannon  
  198  31:51  Photon Cannon  
  198  32:02  Pylon, Shield Battery  
  198  32:05  Templar Archives  
  198  32:07  Photon Cannon  
  198  32:08  Photon Cannon x2  
  198  32:56  Photon Cannon x2  
  198  32:58  Photon Cannon x2  
  198  33:00  Photon Cannon  
  198  33:02  Photon Cannon  
  198  33:04  Photon Cannon x2  
  198  33:05  Photon Cannon  
  198  33:07  Photon Cannon  
  198  33:09  Photon Cannon  
  198  33:11  Photon Cannon  
  198  33:15  Pylon  
  198  33:17  Pylon  
  198  33:25  Photon Cannon x2  
  198  33:28  Photon Cannon  
  198  33:34  Photon Cannon  
  188  35:28  Probe  
  188  35:29  Tempest x3  
  188  35:32  Probe  
  198  35:36  Probe  
  198  35:40  Probe  
  194  35:46  Probe  
  194  35:49  Probe  
  191  35:58  Probe  
  191  36:01  Probe  
  193  36:10  Photon Cannon x2, Probe  
  194  36:12  Pylon  
  194  36:14  Pylon  
  194  36:17  Pylon  
  194  36:19  Pylon  
  194  36:21  Pylon  
  194  36:22  Probe  
  194  36:24  Pylon  
  195  36:26  Pylon  
  195  36:38  Probe  
  196  36:43  Shield Battery  
  196  36:45  Shield Battery  
  196  36:46  Shield Battery  
  196  36:48  Photon Cannon  
  196  36:49  Photon Cannon  
  196  36:50  Gateway, Probe  
  197  36:56  Photon Cannon  
  197  37:00  Shield Battery  
  197  37:01  Shield Battery  
  197  37:02  Probe  
  198  37:11  Photon Cannon  
  198  37:12  Photon Cannon  
  198  37:13  Shield Battery  
  198  37:14  Photon Cannon  
  198  37:15  Photon Cannon  
  198  37:16  Photon Cannon  
  198  37:17  Shield Battery  
  198  37:18  Photon Cannon  
  198  37:20  Photon Cannon  
  198  37:22  Shield Battery  
  198  37:23  Photon Cannon  
  198  37:24  Photon Cannon  
  198  37:25  Photon Cannon  
  198  37:27  Psionic Storm, Shield Battery  
  198  37:28  Photon Cannon  
  198  37:32  Photon Cannon  
  198  37:33  Photon Cannon  
  198  37:35  Shield Battery  
  198  37:36  Photon Cannon  
  198  37:37  Photon Cannon  
  198  37:42  Pylon  
  198  38:13  Shield Battery  
  198  38:16  Gateway, Photon Cannon  
  198  38:23  Photon Cannon, Probe  
  198  38:25  Photon Cannon  
  198  38:31  Probe  
  200  39:31  Protoss Ground Armor Level 3, Protoss Ground Weapons Level 3  
  200  39:52  Shield Battery  
  200  39:53  Pylon  
  200  39:59  Pylon  
  200  40:00  Shield Battery  
  200  40:07  Shield Battery  
  200  40:11  Photon Cannon x2  
  200  40:19  Shield Battery  
  200  40:21  Photon Cannon, Shield Battery  
  200  40:23  Photon Cannon  
  200  40:25  Photon Cannon  
  200  40:27  Photon Cannon  
  200  40:28  Photon Cannon  
  200  40:30  Photon Cannon  
  200  40:39  Photon Cannon  
  200  40:42  Photon Cannon  
  200  40:43  Photon Cannon  
  200  40:44  Photon Cannon  
  200  40:46  Photon Cannon  
  200  40:48  Photon Cannon x2  
  200  40:49  Pylon  
  200  41:01  Photon Cannon  
  200  41:02  Photon Cannon  
  200  41:03  Photon Cannon  
  200  41:04  Photon Cannon  
  200  41:06  Photon Cannon  
  200  41:07  Photon Cannon  
  200  41:09  Photon Cannon  
  200  41:34  Photon Cannon x2  
  200  41:43  Pylon  
  200  41:44  Pylon  
  200  41:49  Pylon  
  200  41:51  Pylon  
  200  41:54  Pylon  
  200  41:56  Pylon  
  200  41:58  Pylon  
  200  42:00  Pylon  
  200  42:02  Pylon  
  200  42:04  Pylon  
  200  42:06  Pylon  
  200  42:09  Pylon  
  200  42:23  Shield Battery  
  200  42:26  Shield Battery  
  200  42:29  Shield Battery  
  200  42:34  Shield Battery  
  200  42:36  Shield Battery  
  200  42:38  Shield Battery  
  200  42:40  Shield Battery  
  200  42:42  Shield Battery  
  200  42:44  Shield Battery  
  200  42:46  Shield Battery  
  200  42:48  Shield Battery  
  200  42:50  Shield Battery  
  200  42:52  Shield Battery  
  200  42:55  Pylon  
  200  42:57  Pylon  
  200  43:00  Pylon  
  200  43:02  Pylon  
  200  43:05  Pylon, Shield Battery  
  200  43:08  Shield Battery  
  200  43:10  Shield Battery  
  200  43:12  Shield Battery  
  200  43:14  Shield Battery  
  200  43:17  Photon Cannon  
  200  43:18  Photon Cannon  
  200  43:19  Photon Cannon  
  200  43:20  Photon Cannon  
  200  43:22  Photon Cannon  
  200  43:23  Photon Cannon  
  200  43:24  Photon Cannon  
  200  43:25  Photon Cannon  
  200  43:27  Photon Cannon  
  200  43:28  Photon Cannon  
  200  43:30  Photon Cannon  
  200  43:32  Photon Cannon x2  
  200  43:34  Photon Cannon  
  200  43:36  Photon Cannon  
  200  43:37  Photon Cannon  
  200  43:38  Photon Cannon  
  200  43:40  Photon Cannon  
  200  43:41  Photon Cannon  
  200  43:42  Photon Cannon  
  200  43:45  Pylon, Shield Battery  
  200  43:51  Photon Cannon x2  
  200  43:53  Photon Cannon  
  200  43:55  Photon Cannon  
  200  43:57  Photon Cannon x2  
  200  44:00  Photon Cannon  
  200  44:01  Photon Cannon  
  200  44:03  Photon Cannon  
  200  44:07  Photon Cannon  
  200  44:10  Photon Cannon  
  200  44:11  Photon Cannon  
  200  44:13  Photon Cannon  
  200  44:14  Photon Cannon  
  200  44:17  Photon Cannon  
  200  44:22  Photon Cannon  
  200  44:24  Photon Cannon  
  200  44:34  Photon Cannon  
  200  44:35  Photon Cannon  
  200  44:37  Photon Cannon  
  200  44:38  Photon Cannon  
  200  44:51  Photon Cannon  
  200  44:53  Photon Cannon  
  200  44:54  Photon Cannon  
  200  44:57  Photon Cannon  
  200  45:04  Photon Cannon  
  200  45:06  Photon Cannon  
  200  45:08  Charge  
  200  45:12  Photon Cannon  
  200  45:13  Photon Cannon  
  200  45:16  Photon Cannon  
  200  45:24  Photon Cannon  
  200  45:25  Photon Cannon  
  200  45:26  Photon Cannon  
  200  45:28  Photon Cannon  
  200  45:29  Photon Cannon  
  200  45:31  Photon Cannon  
  200  45:32  Photon Cannon  
  200  45:36  Photon Cannon  
  200  45:38  Photon Cannon  
  200  45:40  Photon Cannon  
  200  45:42  Photon Cannon  
  200  45:43  Photon Cannon  
  200  45:44  Photon Cannon  
  200  45:45  Gateway  
  200  45:47  Gateway  
  200  45:50  Gateway  
  200  45:57  Gateway  
  200  45:58  Gateway  
  200  46:01  Gateway  
  200  46:05  Gateway  
  200  46:43  Pylon  
  200  46:44  Pylon  
  200  46:47  Pylon, Shield Battery  
  200  46:48  Blink  
  200  46:50  Shield Battery  
  200  46:53  Shield Battery  
  200  47:37  Photon Cannon  
  200  47:38  Photon Cannon  
  200  47:39  Photon Cannon  
  200  47:41  Photon Cannon  
  200  47:43  Photon Cannon  
  200  47:45  Photon Cannon  
  200  47:47  Photon Cannon x2  
  200  47:50  Photon Cannon  
  200  47:51  Photon Cannon  
  200  47:53  Photon Cannon  
  200  48:30  Photon Cannon x2  
  200  48:32  Photon Cannon  
  200  48:33  Photon Cannon  
  200  48:35  Photon Cannon  
  200  48:37  Photon Cannon  
  200  48:39  Photon Cannon  
  200  48:40  Photon Cannon  
  200  48:47  Photon Cannon  
  200  48:49  Photon Cannon  
  200  48:50  Photon Cannon  
  200  48:52  Photon Cannon  
  200  51:00  Photon Cannon  
  200  51:03  Photon Cannon  
  200  51:04  Photon Cannon  
  200  51:06  Photon Cannon  
  200  51:07  Photon Cannon  
  200  51:53  Nexus  
  200  51:57  Assimilator  
  200  51:59  Assimilator  
  200  52:50  Pylon  
  200  52:51  Pylon  
  200  52:53  Pylon  
  200  52:55  Pylon  
  200  53:01  Probe  
  197  53:09  Probe  
  197  53:19  Probe  
  199  53:31  Probe  
  196  57:44  Dark Templar x2  
  192  58:39  Dark Templar x4  
  166  59:54  Stalker x4  
  166  59:55  Stalker x4  
  166  59:56  Stalker x4  
  166  59:57  Stalker x5  
  166  59:58  Stalker x2  
  172  60:05  Tempest x8  
  172  60:06  Tempest x4  
  172  60:07  Tempest x2  
  190  60:22  Dark Templar x3  
  190  60:23  Dark Templar x2  
  160  61:04  Carrier  
  160  61:05  Carrier x6  
  160  61:11  Dark Templar x5  
  192  61:12  Dark Templar x2  
  186  61:35  Carrier x2  
  112  62:37  Tempest  
  112  62:38  Tempest x14  
  112  62:39  Tempest x7  
  198  62:45  Stalker  
  188  63:34  Dark Templar x3  
  188  63:35  Dark Templar x6  
  188  63:36  Dark Templar x5  
  188  63:37  Dark Templar x2  
Show
View Real Time Build Order
Export as new Build Order

HunterTCP Zerg 

Build Orders: Pool First 

Get SALT Encoding   

  12  0:34  Spawning Pool  
  11  0:38  Drone  
  11  0:39  Overlord, Drone  
  13  0:52  Drone  
  14  1:01  Hatchery  
  14  1:03  Drone  
  14  1:07  Hatchery  
  13  1:12  Drone  
  14  1:23  Drone, Queen, Roach Warren  
  16  2:04  Roach  
  16  2:05  Roach  
  16  2:06  Roach  
  22  2:15  Roach  
  24  2:16  Roach  
  24  2:19  Queen, Roach  
  30  2:31  Roach  
  30  2:33  Overlord  
  30  2:34  Overlord  
  32  2:41  Ravager  
  33  2:53  Ravager  
  34  3:01  Drone  
  34  3:02  Drone x2  
  37  3:19  Unknown  
  36  3:22  Hatchery  
  36  3:24  Drone  
  36  3:25  Drone  
  37  3:28  Drone x7  
  37  3:30  Lair  
  44  3:39  Drone  
  45  3:42  Extractor, Hatchery  
  45  3:44  Extractor  
  45  3:46  Drone  
  45  3:47  Drone x3  
  46  3:51  Drone  
  46  3:53  Drone x3  
  50  3:58  Extractor x2, Metabolic Boost  
  48  4:05  Drone  
  48  4:06  Drone  
  50  4:15  Overlord  
  50  4:17  Overlord  
  50  4:33  Drone x3  
  50  4:35  Drone  
  50  4:37  Drone  
  50  4:38  Drone x5  
  60  4:50  Drone x2  
  62  4:56  Drone x2  
  64  5:05  Hatchery  
  63  5:07  Drone  
  63  5:08  Drone  
  63  5:10  Overlord  
  63  5:13  Overlord  
  65  5:17  Drone  
  65  5:18  Drone  
  67  5:22  Drone x2  
  69  5:32  Infestation Pit  
  69  5:34  Drone x2  
  70  5:43  Drone  
  70  5:44  Drone x8  
  79  5:53  Hatchery  
  79  5:55  Drone  
  79  5:56  Drone x3  
  82  6:15  Hatchery  
  82  6:16  Hive  
  81  6:19  Hatchery  
  80  6:33  Hatchery  
  80  6:35  Overseer  
  80  6:38  Hatchery  
  78  6:47  Evolution Chamber  
  78  6:49  Evolution Chamber  
  78  6:50  Evolution Chamber  
  78  6:51  Drone  
  78  6:52  Drone x3  
  79  6:58  Spire  
  78  7:04  Drone x2  
  78  7:05  Drone x5  
  85  7:14  Hatchery  
  84  7:18  Hatchery  
  83  7:31  Hatchery x2  
  83  7:34  Hatchery  
  83  7:36  Hatchery  
  79  7:49  Zerg Ground Armor Level 1, Zerg Melee Weapons Level 1, Zerg Missile Weapons Level 1  
  79  7:52  Adrenal Glands  
  79  8:08  Pneumatized Carapace, Burrow  
  79  8:25  Hatchery  
  79  8:26  Hatchery  
  77  8:29  Spire  
  77  8:30  Spire  
  77  8:32  Hydralisk Den  
  74  8:34  Baneling Nest  
  74  8:37  Drone x5, Ultralisk Cavern  
  77  8:48  Greater Spire  
  77  8:49  Drone  
  77  8:50  Drone x2  
  80  9:15  Hatchery  
  79  9:31  Spore Crawler  
  79  9:34  Anabolic Synthesis  
  78  9:40  Hatchery  
  78  9:43  Lurker Den  
  76  9:59  Overlord  
  76  10:00  Overlord  
  76  10:02  Overlord  
  76  10:11  Centrifugal Hooks  
  76  10:13  Zerg Flyer Weapons Level 1, Zerg Flyer Armor Level 1, Greater Spire  
  76  10:15  Zerg Missile Weapons Level 2  
  76  10:16  Zerg Ground Armor Level 2, Zerg Melee Weapons Level 2  
  76  10:39  Grooved Spines, Unknown  
  76  10:44  Adaptive Talons  
  76  10:45  Chitinous Plating  
  76  10:50  Neural Parasite  
  76  11:15  Overlord  
  76  11:16  Overlord  
  76  11:17  Overlord  
  76  11:20  Overlord  
  76  11:21  Overlord  
  76  11:23  Overlord  
  76  11:24  Overlord  
  76  11:28  Overlord  
  76  11:29  Muscular Augments  
  76  11:30  Overlord  
  76  11:31  Overlord  
  76  11:33  Overlord  
  76  11:34  Overlord  
  76  11:36  Overlord  
  76  11:41  Seismic Spines  
  76  12:08  Drone  
  77  14:38  Hydralisk x5  
  77  14:39  Hydralisk x26  
  77  14:40  Hydralisk x23  
  185  14:55  Nydus Network  
  185  14:56  Nydus Network  
  183  15:01  Nydus Network  
  182  15:48  Lurker x5  
  182  15:49  Lurker x3  
  190  15:50  Lurker x4  
  190  15:51  Lurker  
  190  15:52  Lurker x2  
  190  15:53  Lurker, Hydralisk  
  190  15:56  Drone  
  190  15:57  Drone x2  
  203  18:12  Overlord  
  203  18:14  Overlord  
  203  18:16  Overlord  
  203  18:34  Overlord  
  203  18:35  Overlord  
  203  18:40  Overlord  
  203  18:41  Overlord  
  203  18:44  Overlord  
  203  18:48  Overlord  
  203  22:58  Overlord  
  203  23:00  Overlord  
  203  23:01  Overlord  
  203  23:04  Overseer x2  
  203  23:36  Overseer  
  203  40:55  Overlord  
  203  47:12  Nydus Canal  
  203  47:13  Nydus Canal  
  203  47:14  Nydus Canal  
  203  54:11  Spire  
  203  54:13  Spire  
  203  54:14  Spawning Pool  
  200  55:29  Zergling x6  
  200  55:30  Zergling x14  
  200  55:31  Zergling x16  
  200  55:32  Zergling x16  
  226  55:43  Hydralisk x2  
  226  55:44  Hydralisk x8  
  226  55:45  Hydralisk x4  
  226  55:49  Hydralisk  
  236  55:50  Zergling x6, Hydralisk x3  
  236  55:51  Zergling x6, Hydralisk x3  
  236  55:52  Zergling x6, Hydralisk x3  
  236  55:53  Zergling x6, Hydralisk x3  
  236  55:54  Zergling x4, Hydralisk  
  236  55:55  Zergling x2  
  271  55:57  Hydralisk  
  271  55:58  Hydralisk x6  
  271  55:59  Hydralisk x2  
  271  56:03  Zergling x8  
  271  56:04  Zergling x14  
  296  56:05  Zergling x16  
  296  56:06  Zergling x6  
  297  56:34  Overseer  
  297  56:42  Ultralisk x5  
  252  57:05  Drone x7  
  252  57:06  Drone x15  
  252  57:07  Drone x3  
  177  57:42  Drone  
  177  57:43  Drone x11  
  177  57:44  Drone x11  
  190  57:54  Hatchery x2  
  190  57:55  Hatchery  
  190  57:56  Hatchery  
  190  57:57  Hatchery  
  185  58:01  Hatchery  
  185  58:03  Hatchery  
  185  58:04  Extractor  
  185  58:05  Hatchery  
  174  58:09  Hatchery  
  172  58:14  Hatchery x3  
  172  58:16  Hatchery  
  168  58:20  Hatchery  
  168  58:22  Drone  
  168  58:23  Drone x14  
  168  58:24  Hatchery, Drone  
  168  58:26  Hatchery  
  168  58:27  Hatchery  
  180  58:28  Hatchery x2  
  180  58:29  Hatchery  
  180  58:30  Hatchery  
  176  58:36  Hatchery  
  129  58:51  Drone x5  
  129  58:52  Hatchery, Drone x7  
  129  58:54  Extractor  
  124  59:01  Drone  
  124  59:02  Drone x2  
  124  59:07  Drone x3  
  126  59:20  Drone  
  126  59:21  Drone x15  
  126  59:22  Drone x3  
  141  59:38  Hydralisk x6  
  141  59:39  Hydralisk x15  
  183  59:46  Ultralisk, Zergling x2  
  183  59:48  Ultralisk x2, Zergling x6  
  183  59:49  Ultralisk x2, Zergling x2  
  183  59:52  Drone x8  
  226  59:55  Overseer x3  
  223  60:00  Hatchery  
  223  60:03  Hatchery  
  223  60:04  Hatchery  
  204  60:12  Hydralisk  
  204  60:13  Hydralisk x11  
  204  60:14  Hydralisk x11  
  219  60:15  Hydralisk  
  244  60:23  Hydralisk x6  
  244  60:24  Hydralisk x2  
  163  60:38  Hatchery  
  128  60:42  Hatchery  
  128  60:45  Hatchery x3  
  128  60:48  Drone x2  
  128  60:49  Drone x16  
  99  60:55  Hydralisk x4  
  99  60:56  Hydralisk x11  
  106  60:59  Overseer x2  
  77  61:13  Hydralisk  
  77  61:14  Hydralisk x7  
  94  61:19  Zergling x4  
  94  61:25  Hatchery  
  86  61:29  Hatchery  
  51  61:42  Hatchery  
  31  61:48  Hatchery x2  
  31  61:50  Hatchery  
  31  61:53  Hatchery  
  23  61:54  Hatchery  
  17  62:02  Spawning Pool  
  17  62:06  Drone x2  
  17  62:07  Drone x7  
  24  62:10  Drone x3  
  24  62:12  Drone x2  
  29  62:24  Drone  
  29  62:25  Drone x13  
  29  62:26  Drone  
  37  62:40  Drone  
  37  62:41  Drone x3  
  34  62:55  Zergling x2  
  30  63:11  Zergling x14  
  37  63:14  Hatchery x2  
  37  63:15  Hatchery, Zergling x2  
  37  63:16  Queen x2, Zergling x2  
  37  63:17  Queen x2  
  37  63:18  Hatchery  
  37  63:19  Lair x2  
  43  63:30  Zergling x8  
  43  63:31  Zergling x10  
  51  63:37  Overlord  
  51  63:38  Overlord x4  
  48  63:44  Extractor  
  48  63:45  Zergling x6  
  48  63:46  Extractor  
  47  63:49  Zergling x6  
  47  63:51  Zergling x2  
  50  63:57  Zergling x4  
  50  63:58  Zergling x2  
  45  64:34  Overseer  
  45  64:35  Overseer x7  
  43  64:46  Drone x8  
  43  64:47  Drone x9  
  43  64:52  Drone x3, Spawning Pool  
  62  64:55  Hatchery  
  62  64:56  Extractor  
  62  64:58  Extractor  
  50  65:03  Hatchery x2  
  50  65:05  Hatchery  
  44  65:10  Drone x10  
  44  65:11  Hatchery x2, Drone x3  
  55  65:42  Zergling x2  
  56  65:43  Zergling x32  
  56  65:49  Zergling x2  
  69  65:54  Hatchery  
  69  65:56  Hatchery  
Show
View Real Time Build Order
Export as new Build Order

CptBabyMeat Protoss 

Build Orders: 1 Gate Expand, Nexus First 

Get SALT Encoding   

  12  0:39  Pylon  
  12  0:42  Pylon  
  12  0:43  Probe  
  12  0:47  Pylon  
  13  0:50  Assimilator  
  13  0:55  Assimilator  
  13  0:56  Probe  
  14  0:58  Gateway  
  14  1:04  Nexus  
  14  1:08  Probe  
  15  1:14  Forge  
  15  1:20  Probe  
  16  1:32  Probe  
  17  1:41  Probe  
  17  1:45  Cybernetics Core  
  18  1:49  Probe  
  19  1:58  Probe  
  20  2:10  Photon Cannon, Probe  
  20  2:12  Probe  
  21  2:20  Probe  
  23  2:22  Probe  
  24  2:30  Assimilator, Probe  
  24  2:32  Probe  
  26  2:40  Probe  
  26  2:42  Probe  
  27  2:49  Assimilator, Probe  
  28  2:54  Probe  
  30  3:01  Probe  
  30  3:03  Twilight Council  
  31  3:06  Probe  
  32  3:13  Probe  
  32  3:17  Probe  
  34  3:22  Pylon  
  34  3:25  Photon Cannon, Probe x2  
  35  3:33  Probe  
  36  3:37  Probe  
  36  3:40  Pylon  
  38  3:44  Probe, Pylon  
  38  3:47  Probe  
  40  3:55  Probe  
  40  3:56  Probe, Pylon  
  42  4:03  Probe  
  42  4:08  Probe  
  42  4:09  Dark Shrine  
  44  4:11  Gateway  
  44  4:14  Gateway  
  44  4:19  Gateway  
  44  4:21  Probe  
  45  4:31  Gateway  
  45  4:35  Photon Cannon  
  45  4:36  Pylon  
  45  4:40  Photon Cannon  
  45  4:44  Pylon  
  45  4:48  Photon Cannon  
  45  4:53  Gateway  
  45  4:58  Gateway  
  45  5:03  Gateway  
  45  5:08  Gateway  
  45  5:14  Gateway  
  45  5:17  Warp Gate  
  45  5:20  Gateway  
  45  5:23  Pylon  
  45  5:29  Gateway  
  45  5:33  Pylon  
  45  5:35  Gateway  
  45  5:41  Gateway  
  45  5:46  Gateway  
  45  5:50  Gateway  
  45  5:55  Pylon  
  45  5:59  Gateway  
  45  6:06  Templar Archives  
  45  6:11  Gateway  
  45  6:13  Gateway  
  45  6:18  Photon Cannon  
  45  6:24  Photon Cannon  
  45  6:27  Pylon  
  45  6:31  Pylon  
  45  6:34  Gateway  
  45  6:40  Gateway  
  45  6:56  Robotics Facility  
  45  6:59  Pylon  
  45  7:01  Pylon  
  45  7:03  Pylon  
  45  7:18  Photon Cannon  
  45  7:20  Gateway  
  45  7:21  Photon Cannon  
  45  7:27  Photon Cannon  
  45  7:31  Photon Cannon  
  45  7:34  Gateway  
  45  7:35  Gateway  
  45  7:36  Gateway  
  45  7:38  Gateway  
  45  7:46  Gateway  
  45  7:52  Robotics Facility  
  45  8:01  Robotics Bay  
  45  8:02  Photon Cannon  
  45  8:05  Photon Cannon  
  45  8:07  Pylon  
  45  8:09  Pylon  
  45  8:13  Photon Cannon  
  45  8:16  Pylon  
  45  8:21  Gateway  
  45  8:25  Photon Cannon  
  45  8:31  Photon Cannon  
  45  8:36  Photon Cannon  
  45  8:41  Photon Cannon  
  45  8:47  Photon Cannon  
  45  8:50  Photon Cannon  
  45  8:55  Photon Cannon  
  45  9:00  Photon Cannon  
  45  9:14  Gateway  
  45  9:16  Gateway  
  45  9:18  Gateway  
  45  9:21  Gateway  
  45  9:25  Gateway  
  45  9:29  Gateway  
  45  9:35  Gateway  
  45  9:40  Gateway  
  45  9:45  Photon Cannon  
  45  9:50  Photon Cannon  
  45  9:55  Photon Cannon  
  45  10:00  Photon Cannon  
  45  10:06  Forge  
  45  10:12  Forge  
  45  10:22  Gateway  
  45  10:24  Gateway  
  45  10:26  Gateway  
  45  10:29  Gateway  
  45  10:33  Gateway  
  45  10:40  Pylon  
  45  10:45  Pylon  
  45  10:48  Pylon  
  45  10:49  Pylon  
  45  10:56  Photon Cannon  
  45  10:59  Photon Cannon  
  45  11:02  Photon Cannon  
  45  11:08  Photon Cannon  
  45  11:11  Gateway  
  45  11:15  Pylon  
  45  11:18  Gateway  
  45  11:24  Gateway  
  45  11:28  Pylon  
  45  11:32  Gateway  
  45  11:37  Gateway  
  45  11:46  Pylon  
  45  11:47  Gateway  
  45  11:50  Photon Cannon  
  45  11:55  Gateway  
  45  12:00  Gateway  
  45  12:04  Photon Cannon  
  45  12:10  Gateway  
  45  12:20  Pylon  
  45  12:21  Gateway  
  45  12:23  Gateway  
  45  12:27  Pylon  
  45  12:33  Photon Cannon  
  45  12:34  Pylon  
  45  12:41  Photon Cannon  
  45  12:46  Gateway  
  45  12:54  Photon Cannon  
  45  12:57  Photon Cannon  
  45  13:08  Pylon  
  45  13:12  Pylon  
  45  13:13  Protoss Ground Armor Level 1, Protoss Ground Weapons Level 1  
  45  13:15  Pylon  
  45  13:16  Protoss Shields Level 1  
  45  13:19  Pylon  
  44  13:48  Charge  
  44  13:51  Shadow Stride  
  44  13:54  Gravitic Boosters  
  44  13:55  Observer  
  44  13:59  Stalker x4  
  44  14:00  Stalker x2  
  57  14:04  Stalker  
  59  14:13  Observer  
  60  14:27  Stalker x2  
  60  14:28  Stalker x4  
  72  15:28  Blink  
  72  15:58  Protoss Ground Weapons Level 2, Protoss Shields Level 2, Protoss Ground Armor Level 2  
  72  16:02  Stalker x6  
  72  16:03  Stalker x6  
  72  16:04  Stalker x6  
  100  16:05  Stalker x2  
  112  16:17  Stalker x3  
  118  16:40  Stalker x5  
  118  16:41  Stalker  
  130  17:02  Stalker x4  
  130  17:03  Stalker x2  
  142  17:28  Stalker x5  
  142  17:29  Stalker  
  154  18:22  Stalker x4  
  154  18:23  Stalker x7  
  154  18:24  Stalker x2  
  180  18:56  Protoss Ground Armor Level 3, Protoss Shields Level 3, Protoss Ground Weapons Level 3  
  180  18:59  Stalker x4  
  188  19:10  Stalker x3  
  188  19:16  Stalker  
  196  19:19  Stalker  
  196  19:23  Stalker  
  200  21:04  Resonating Glaives  
  178  55:24  Stalker  
  178  55:25  Stalker x7  
  178  55:26  Stalker x6  
  178  55:27  Stalker  
  122  55:54  Dark Templar x8  
  122  55:55  Dark Templar x9  
  122  55:56  Dark Templar x5  
  148  56:05  Dark Templar x6  
  148  56:06  Dark Templar x5  
  158  56:25  Stalker x2  
  158  56:26  Stalker x4  
  158  56:27  Stalker x6  
  158  56:28  Stalker x7  
  158  56:29  Stalker x4  
  162  57:02  High Templar x4  
  162  57:03  High Templar x8  
  162  57:04  High Templar x7  
  182  57:35  Stalker x3  
  182  57:36  Stalker x7  
  182  57:37  Stalker x5  
  192  57:39  Archon  
  192  57:40  Archon x8  
  160  58:06  Observer  
  160  58:10  High Templar x5  
  160  58:11  High Templar x8  
  181  58:13  Zealot x7  
  181  58:14  Zealot x2  
  183  58:24  Observer  
  183  58:26  Psionic Storm  
  170  58:42  Observer  
  171  58:54  Sentry x2  
  171  58:55  Sentry x3  
  181  58:56  Stalker x7  
  181  58:57  Stalker x2  
  181  59:00  Observer  
  170  60:37  Dark Templar x8  
  170  60:38  Dark Templar x7  
  170  60:39  Dark Templar  
  154  61:11  High Templar x5  
  154  61:12  High Templar x7  
  154  61:13  High Templar x8  
  154  61:14  High Templar x3  
  200  61:22  Archon  
  200  61:23  Archon x3  
  200  61:24  Archon x2  
  200  61:25  Archon x4  
  196  61:26  Archon  
  196  61:29  Stalker x4  
  173  63:32  Stalker x2  
  173  63:33  Stalker x8  
  173  63:34  Stalker x3  
  197  63:37  Archon  
  197  63:38  Archon x5  
  155  65:17  Dark Templar x5  
  155  65:18  Dark Templar x8  
  155  65:19  Dark Templar x7  
  155  65:20  Dark Templar x8  
  199  65:34  Archon x2  
  199  65:35  Archon x9  
  189  65:36  Archon x2  
  189  65:37  Archon  
  189  65:38  Archon  
  157  66:06  High Templar x4  
  157  66:07  High Templar x4  
  157  66:08  Dark Templar x6  
  157  66:09  Dark Templar x8  
Show
View Real Time Build Order
Export as new Build Order

Cyclone Terran 

Build Orders:  

Get SALT Encoding   

  12  0:32  SCV  
  13  0:40  Command Center  
  13  0:45  SCV, Refinery  
  13  0:46  Refinery  
  14  0:57  SCV, Command Center  
  15  1:22  Supply Depot  
  15  1:37  Command Center  
  15  1:44  SCV  
  16  1:53  Supply Depot  
  16  1:55  SCV  
  16  1:56  SCV  
  16  2:00  Barracks  
  18  2:08  SCV  
  19  2:09  SCV  
  19  2:10  SCV  
  21  2:20  SCV  
  22  2:25  SCV x2  
  24  2:49  Orbital Command x3  
  24  2:50  Orbital Command  
  24  3:07  Barracks Tech Lab  
  24  3:13  Factory  
  24  3:22  SCV x2  
  24  3:23  SCV x2  
  28  3:29  Marine  
  29  3:36  Supply Depot  
  29  3:37  Supply Depot  
  29  3:38  SCV  
  29  3:39  SCV x3  
  33  3:55  SCV x3  
  35  3:56  SCV  
  35  3:58  Refinery  
  35  4:00  Refinery  
  37  4:05  Factory Tech Lab  
  37  4:13  Factory, Starport  
  37  4:14  Starport  
  37  4:15  Factory x2  
  37  4:27  Marine  
  38  4:33  Armory  
  38  4:36  SCV x3  
  38  4:37  SCV, Engineering Bay  
  42  4:48  SCV x2  
  42  4:49  SCV x2  
  46  4:59  Armory  
  46  5:00  SCV, Armory  
  46  5:01  SCV x2  
  49  5:09  Factory Tech Lab x2  
  49  5:10  Factory Tech Lab  
  49  5:11  Starport Tech Lab x2  
  49  5:23  Terran Ship Weapons Level 1, Command Center  
  49  5:24  Command Center  
  49  5:25  Missile Turret  
  49  5:28  SCV x4  
  53  5:32  Hi-Sec Auto Tracking  
  53  5:38  Thor x4  
  53  5:40  SCV  
  78  5:44  Missile Turret  
  78  5:45  Fusion Core  
  78  6:29  Neosteel Armor  
  78  6:38  Planetary Fortress  
  78  6:48  Planetary Fortress  
  78  6:56  Missile Turret  
  78  7:00  Missile Turret  
  78  7:03  Missile Turret  
  78  7:04  Supply Depot  
  78  7:05  Missile Turret, Terran Vehicle And Ship Armor Level 1, Terran Vehicle Weapons Level 1  
  78  7:06  Missile Turret  
  78  7:08  SCV x2  
  78  7:09  SCV x2  
  82  7:16  Weapon Refit  
  82  7:19  Terran Ship Weapons Level 2  
  82  7:20  SCV  
  82  7:21  Battlecruiser  
  82  7:22  Battlecruiser  
  95  7:23  Missile Turret  
  95  7:45  Supply Depot  
  95  7:51  Command Center  
  95  7:53  Supply Depot  
  95  8:00  Smart Servos  
  95  8:07  Supply Depot  
  95  8:17  Supply Depot  
  95  8:30  Medivac x2  
  101  8:34  Marauder  
  101  8:37  Widow Mine  
  103  8:41  Supply Depot  
  103  8:45  Widow Mine, Hellion  
  103  8:46  Widow Mine  
  109  8:54  Missile Turret  
  111  8:55  Marauder  
  111  8:56  Missile Turret x2  
  111  8:58  Missile Turret, Hellion  
  111  8:59  Missile Turret  
  111  9:00  Missile Turret  
  111  9:02  Missile Turret x2  
  113  9:03  Missile Turret  
  113  9:04  Missile Turret  
  113  9:16  Marine  
  114  9:34  Marine  
  115  9:40  Command Center  
  115  9:41  Planetary Fortress  
  115  9:43  Missile Turret  
  115  9:44  Bunker  
  115  9:45  Missile Turret  
  115  9:46  Missile Turret  
  115  9:47  Missile Turret  
  115  9:52  Marine  
  116  10:31  Thor x3  
  116  10:32  Thor  
  116  10:33  Battlecruiser x2  
  116  10:34  Terran Vehicle And Ship Armor Level 2, Terran Vehicle Weapons Level 2  
  116  10:35  Terran Ship Weapons Level 3  
  152  10:38  Terran Infantry Weapons Level 1  
  152  11:01  Planetary Fortress  
  152  11:43  Barracks  
  152  11:48  Barracks  
  152  11:51  Barracks x2  
  152  11:59  Barracks x2  
  152  12:00  Barracks  
  152  12:06  Barracks  
  152  12:11  Barracks x2, Engineering Bay  
  152  12:12  Barracks x2  
  152  12:17  Barracks  
  152  12:29  Missile Turret  
  152  12:31  Missile Turret x2  
  152  12:38  Barracks  
  152  12:49  Barracks  
  152  12:52  Barracks  
  152  12:53  Barracks x2  
  152  12:55  Barracks  
  152  12:56  Missile Turret x3  
  152  13:03  Barracks  
  152  13:17  Missile Turret x2  
  152  13:18  Missile Turret  
  152  13:37  Missile Turret  
  152  13:38  Missile Turret  
  152  13:39  Missile Turret  
  152  13:52  Sensor Tower  
  152  13:57  Missile Turret  
  152  13:58  Missile Turret  
  152  14:02  Missile Turret  
  152  14:19  Missile Turret  
  152  14:22  Terran Vehicle Weapons Level 3, Terran Vehicle And Ship Armor Level 3  
  151  15:01  Barracks x3  
  151  15:02  Barracks  
  151  15:03  Barracks  
  151  15:04  Barracks  
  151  15:08  Barracks  
  151  15:09  Barracks x2  
  151  15:16  Barracks  
  151  15:18  Barracks  
  151  15:20  Barracks  
  151  15:22  Barracks  
  151  15:24  Barracks  
  151  15:57  Barracks  
  151  15:58  Barracks  
  151  16:00  Barracks  
  151  16:39  Barracks  
  151  16:40  Barracks  
  151  16:41  Barracks  
  151  17:31  Barracks  
  151  17:32  Barracks x2  
  151  17:33  Barracks x2  
  151  17:34  Barracks  
  151  17:36  Barracks x2  
  151  17:37  Barracks  
  151  17:51  Barracks  
  150  18:19  Barracks  
  150  18:30  Barracks  
  150  18:31  Barracks  
  150  18:32  Barracks x3  
  150  18:34  Barracks  
  150  18:36  Barracks x2  
  150  18:40  Barracks  
  150  18:42  Barracks  
  150  19:09  Barracks  
  150  19:19  Barracks  
  150  19:20  Barracks  
  150  19:22  Barracks  
  150  19:24  Barracks  
  150  19:26  Barracks x2  
  150  19:30  Barracks  
  150  19:34  Barracks  
  150  19:36  Barracks  
  150  19:37  Barracks  
  150  20:07  Terran Infantry Weapons Level 2  
  150  20:08  Terran Infantry Armor Level 1, Barracks  
  150  20:11  Barracks  
  150  20:14  Barracks  
  150  20:17  Barracks  
  150  20:18  Barracks  
  150  20:24  Barracks  
  150  20:26  Barracks x2  
  150  20:31  Barracks  
  150  20:32  Barracks  
  150  20:35  Barracks x2  
  150  20:38  Barracks  
  150  20:39  Barracks  
  150  20:40  Barracks  
  150  21:01  Barracks  
  150  21:04  Barracks  
  150  21:07  Barracks  
  150  21:08  Barracks  
  150  21:09  Barracks  
  150  21:13  Barracks  
  150  21:22  Barracks  
  150  21:25  Barracks  
  150  21:28  Barracks  
  150  22:04  Barracks  
  150  22:05  Barracks x2  
  150  22:06  Barracks x5  
  150  22:07  Barracks x2  
  150  22:08  Barracks  
  150  22:12  Barracks  
  150  22:16  Barracks  
  150  22:53  Barracks  
  150  22:54  Barracks  
  150  22:55  Barracks x2  
  150  22:56  Barracks  
  150  22:57  Barracks x2  
  150  22:58  Barracks  
  150  22:59  Barracks x2  
  150  23:02  Barracks  
  150  23:09  Barracks  
  150  23:39  Terran Infantry Armor Level 2  
  150  23:40  Terran Infantry Weapons Level 3  
  150  23:45  Barracks  
  150  23:46  Barracks  
  150  23:47  Barracks x2  
  150  23:49  Barracks x2  
  150  23:53  Barracks x3  
  150  24:56  Barracks x2  
  150  24:57  Barracks  
  150  24:59  Barracks  
  150  25:00  Barracks x4  
  150  25:01  Barracks x2  
  150  25:02  Barracks  
  150  25:03  Barracks  
  150  25:46  Barracks  
  150  25:47  Barracks x2  
  150  25:48  Barracks  
  150  25:49  Barracks  
  150  25:51  Barracks x3  
  150  25:56  Barracks  
  150  25:57  Barracks  
  150  26:36  Barracks  
  150  26:37  Barracks  
  150  26:38  Barracks x2  
  150  26:40  Barracks x2  
  150  26:43  Barracks  
  150  26:45  Barracks  
  150  27:40  Terran Infantry Armor Level 3  
  129  30:24  Thor  
  129  30:25  Thor x2  
  117  31:17  Thor x4  
  121  31:22  SCV x2  
  121  31:23  SCV x2  
  125  31:35  SCV x4  
  128  32:00  Thor  
  134  32:14  Thor x3  
  152  33:11  Thor x3  
  152  33:12  Thor  
  68  34:01  SCV  
  68  34:02  SCV x3, Marine  
  72  34:03  Thor x3  
  72  34:04  Thor  
  72  34:06  Battlecruiser x2  
  109  34:13  SCV  
  109  34:14  SCV x3  
  113  34:26  SCV x4  
  115  34:46  Thor x4  
  120  35:10  Battlecruiser x2  
  93  35:28  Thor  
  93  35:29  Thor x3  
  117  36:00  Factory  
  117  36:01  Factory  
  117  36:02  SCV x4  
  117  36:03  Factory  
  109  36:05  Factory x3  
  109  36:07  Factory  
  109  36:11  Thor  
  109  36:12  Thor x3  
  109  36:14  SCV x4, Battlecruiser  
  109  36:15  Battlecruiser  
  149  36:26  SCV x3  
  152  36:50  Factory Tech Lab  
  152  36:51  Factory Tech Lab x6  
  152  36:54  Thor  
  152  36:55  Thor x3  
  176  37:21  Thor  
  176  37:22  Thor x3  
  200  38:28  Starport  
  200  38:29  Starport x2  
  200  38:31  Starport  
  200  38:36  Starport  
  200  38:37  Starport  
  200  39:09  Starport Reactor  
  200  39:10  Starport Reactor x3  
  200  39:46  Starport Reactor  
  200  39:53  Starport Reactor  
  61  44:15  Thor  
  61  44:16  Thor x4  
  61  44:17  Thor x3  
  109  44:20  Viking  
  109  44:21  Viking x13  
  143  44:50  Viking  
  143  44:51  Viking x12  
  157  45:01  Thor  
  157  45:03  Thor  
Show
View Real Time Build Order
Export as new Build Order

MiCrO Protoss 

Build Orders: 1 Gate Expand, Nexus First 

Get SALT Encoding   

  12  0:34  Probe  
  13  0:36  Pylon  
  13  0:52  Probe  
  13  0:55  Gateway  
  14  1:01  Nexus  
  15  1:04  Probe, Pylon  
  15  1:16  Probe  
  16  1:23  Gateway  
  16  1:24  Gateway  
  16  1:28  Probe  
  17  1:40  Probe  
  17  1:43  Zealot  
  17  1:45  Pylon  
  17  1:46  Cybernetics Core  
  20  1:54  Probe  
  21  2:02  Probe  
  21  2:08  Zealot  
  22  2:17  Probe, Stalker  
  22  2:18  Probe  
  26  2:25  Shield Battery  
  26  2:26  Shield Battery  
  26  2:28  Shield Battery  
  28  2:32  Shield Battery  
  28  2:38  Shield Battery  
  28  2:42  Zealot  
  28  2:43  Zealot  
  30  2:49  Zealot, Probe  
  35  3:12  Stargate  
  35  3:20  Assimilator, Probe  
  35  3:24  Assimilator, Probe  
  37  3:28  Probe  
  37  3:30  Stargate  
  38  3:36  Probe  
  39  3:47  Assimilator  
  39  3:48  Nexus  
  39  3:49  Assimilator  
  39  3:50  Unknown  
  39  3:57  Probe x2  
  41  4:12  Probe  
  41  4:13  Probe  
  42  4:21  Probe  
  43  4:24  Probe  
  45  4:31  Probe  
  45  4:37  Probe  
  51  4:43  Void Ray  
  51  4:45  Pylon  
  51  4:56  Protoss Air Weapons Level 1  
  51  5:02  Cybernetics Core  
  51  5:19  Stargate  
  55  5:28  Void Ray  
  55  5:29  Forge  
  55  5:40  Probe x3  
  58  5:52  Probe x2  
  58  5:53  Probe  
  61  6:04  Probe x2  
  61  6:05  Probe, Pylon  
  61  6:08  Pylon  
  64  6:13  Pylon  
  64  6:16  Probe  
  64  6:17  Probe  
  66  6:20  Photon Cannon  
  66  6:21  Photon Cannon  
  66  6:25  Protoss Air Armor Level 1, Pylon  
  66  6:35  Probe  
  66  6:36  Probe x2  
  69  6:42  Protoss Shields Level 1  
  69  6:47  Probe  
  69  6:48  Probe x2  
  72  6:59  Probe  
  72  7:00  Probe, Stargate  
  78  7:09  Void Ray  
  78  7:14  Void Ray  
  78  7:15  Pylon  
  82  7:18  Pylon  
  82  7:22  Probe  
  83  7:26  Probe  
  84  7:41  Stargate  
  84  7:43  Stargate  
  92  7:52  Stargate, Void Ray  
  92  7:53  Void Ray  
  92  8:01  Pylon  
  92  8:04  Pylon  
  92  8:10  Pylon  
  92  8:18  Pylon  
  96  8:23  Void Ray  
  100  8:28  Pylon  
  100  8:31  Void Ray  
  100  8:33  Fleet Beacon  
  100  8:34  Twilight Council  
  100  8:46  Photon Cannon  
  100  8:47  Photon Cannon  
  100  8:49  Photon Cannon  
  100  8:51  Photon Cannon  
  100  8:53  Photon Cannon  
  116  8:55  Photon Cannon  
  116  8:57  Warp Gate, Void Ray x2  
  116  8:58  Void Ray x2  
  116  9:03  Photon Cannon x2  
  116  9:05  Photon Cannon  
  116  9:07  Photon Cannon  
  116  9:10  Photon Cannon x2  
  116  9:17  Photon Cannon  
  116  9:21  Flux Vanes  
  116  9:22  Photon Cannon x2  
  116  9:36  Protoss Air Weapons Level 2  
  116  9:38  Protoss Shields Level 2  
  120  10:01  Void Ray  
  124  10:15  Void Ray  
  136  10:29  Void Ray x2, Protoss Air Armor Level 2  
  136  10:32  Void Ray  
  136  10:49  Void Ray  
  144  10:50  Void Ray  
  148  10:58  Pylon, Void Ray  
  148  11:02  Pylon  
  148  11:09  Pylon  
  152  11:12  Void Ray  
  160  11:26  Pylon  
  160  11:28  Void Ray  
  160  11:29  Void Ray  
  160  11:30  Pylon  
  160  11:33  Pylon  
  160  11:36  Pylon  
  160  11:40  Pylon  
  160  11:45  Pylon  
  160  11:47  Pylon  
  160  11:51  Pylon  
  160  11:54  Pylon  
  160  12:00  Protoss Air Weapons Level 3  
  160  12:01  Void Ray  
  160  12:08  Void Ray  
  176  12:09  Void Ray  
  176  12:10  Void Ray x2  
  176  12:13  Void Ray  
  184  12:20  Protoss Shields Level 3  
  184  12:37  Void Ray  
  188  12:45  Void Ray  
  188  12:47  Void Ray  
  200  12:53  Void Ray  
  200  13:05  Photon Cannon  
  200  13:06  Photon Cannon  
  200  13:08  Photon Cannon x2  
  200  13:09  Photon Cannon  
  200  13:10  Photon Cannon  
  200  14:00  Photon Cannon x2  
  200  14:10  Protoss Air Armor Level 3  
  200  14:11  Photon Cannon  
  200  14:16  Photon Cannon  
  200  14:21  Pylon  
  200  14:38  Photon Cannon  
  200  14:39  Photon Cannon  
  200  14:41  Photon Cannon  
  200  14:43  Photon Cannon  
  200  14:45  Photon Cannon x2  
  200  14:51  Photon Cannon  
  200  14:54  Photon Cannon  
  200  14:56  Photon Cannon  
  200  14:57  Pylon  
  200  15:01  Pylon  
  200  15:06  Photon Cannon  
  200  15:07  Photon Cannon  
  200  15:11  Photon Cannon  
  200  15:12  Photon Cannon  
  200  15:14  Photon Cannon  
  200  15:16  Pylon  
  200  15:17  Photon Cannon  
  200  15:19  Photon Cannon  
  200  15:20  Photon Cannon  
  200  15:21  Photon Cannon  
  200  15:23  Photon Cannon  
  200  15:28  Photon Cannon  
  200  15:30  Photon Cannon  
  200  15:31  Photon Cannon  
  200  15:32  Photon Cannon  
  200  15:33  Photon Cannon  
  200  15:35  Stargate  
  200  15:37  Stargate  
  200  15:39  Stargate  
  200  15:41  Stargate  
  200  15:44  Stargate  
  200  15:45  Stargate  
  200  15:46  Stargate  
  200  15:47  Stargate  
  200  15:49  Stargate x2  
  200  15:57  Pylon  
  200  15:59  Pylon  
  200  16:16  Photon Cannon x2  
  200  16:17  Photon Cannon  
  200  16:18  Shield Battery  
  200  16:22  Shield Battery  
  200  16:23  Shield Battery  
  200  16:32  Photon Cannon x2  
  200  16:37  Shield Battery  
  200  16:38  Shield Battery  
  200  16:43  Shield Battery  
  200  16:44  Shield Battery  
  200  16:45  Shield Battery  
  200  16:47  Photon Cannon  
  200  16:50  Photon Cannon x2  
  200  16:52  Photon Cannon  
  200  16:53  Shield Battery  
  200  16:54  Shield Battery  
  200  16:55  Shield Battery  
  200  16:56  Photon Cannon  
  200  16:58  Photon Cannon  
  200  16:59  Photon Cannon  
  200  17:00  Photon Cannon  
  200  17:06  Photon Cannon  
  200  17:07  Photon Cannon  
  200  17:08  Photon Cannon  
  200  17:09  Photon Cannon  
  200  17:11  Photon Cannon  
  200  17:12  Photon Cannon  
  200  17:13  Photon Cannon  
  200  17:14  Photon Cannon  
  200  17:15  Photon Cannon  
  200  17:17  Protoss Ground Weapons Level 1  
  200  18:39  Pylon  
  200  18:40  Photon Cannon, Pylon  
  200  18:44  Photon Cannon  
  200  18:47  Photon Cannon x2  
  200  18:49  Photon Cannon  
  200  18:50  Photon Cannon  
  200  18:52  Photon Cannon  
  200  18:54  Photon Cannon  
  200  18:55  Photon Cannon  
  200  18:56  Photon Cannon  
  200  18:59  Photon Cannon  
  200  19:01  Photon Cannon  
  200  19:04  Shield Battery  
  200  19:05  Shield Battery  
  200  19:06  Shield Battery  
  200  19:08  Pylon  
  200  19:17  Shield Battery  
  200  19:18  Protoss Ground Armor Level 1  
  200  19:43  Photon Cannon  
  200  19:47  Photon Cannon  
  200  19:54  Shield Battery  
  200  20:02  Unknown  
  200  20:17  Pylon  
  200  20:19  Shield Battery  
  200  20:20  Shield Battery x2  
  200  20:22  Shield Battery  
  200  20:24  Shield Battery  
  200  20:50  Photon Cannon  
  200  20:52  Photon Cannon  
  200  20:54  Photon Cannon  
  200  20:57  Photon Cannon  
  200  20:58  Photon Cannon  
  200  21:00  Photon Cannon x2  
  200  21:03  Pylon  
  200  21:05  Pylon  
  200  21:23  Protoss Ground Armor Level 2  
  200  22:19  Shield Battery  
  200  22:20  Pylon  
  200  22:21  Shield Battery  
  200  22:22  Shield Battery  
  200  22:27  Shield Battery  
  200  22:29  Shield Battery  
  200  22:35  Shield Battery  
  200  23:22  Blink  
  200  23:48  Protoss Ground Weapons Level 2  
  200  24:44  Photon Cannon  
  200  24:45  Photon Cannon  
  200  24:47  Photon Cannon  
  200  24:49  Photon Cannon  
  200  24:51  Photon Cannon  
  200  24:52  Photon Cannon  
  200  24:54  Photon Cannon  
  200  24:56  Photon Cannon  
  200  24:59  Photon Cannon  
  200  25:00  Photon Cannon  
  200  25:01  Photon Cannon  
  200  25:03  Photon Cannon  
  200  25:04  Photon Cannon  
  200  25:05  Photon Cannon  
  200  25:10  Photon Cannon x2  
  200  25:15  Photon Cannon  
  200  25:17  Photon Cannon  
  200  25:20  Photon Cannon  
  200  25:22  Photon Cannon  
  200  25:23  Photon Cannon  
  200  25:26  Photon Cannon  
  200  25:27  Photon Cannon  
  200  25:28  Photon Cannon  
  200  25:31  Pylon  
  200  25:34  Pylon  
  200  25:37  Pylon  
  200  25:40  Pylon  
  200  25:43  Pylon  
  200  25:46  Pylon  
  200  25:49  Pylon  
  200  25:51  Pylon  
  200  25:55  Pylon  
  200  25:58  Pylon  
  200  26:03  Pylon  
  200  26:11  Photon Cannon  
  200  26:12  Photon Cannon  
  200  26:14  Photon Cannon  
  200  26:17  Photon Cannon x2  
  200  26:19  Photon Cannon  
  200  26:25  Shield Battery  
  200  26:26  Shield Battery  
  200  26:27  Shield Battery  
  200  26:28  Shield Battery  
  200  26:31  Shield Battery  
  200  26:32  Shield Battery  
  200  26:35  Pylon  
  200  26:39  Pylon  
  200  26:50  Photon Cannon  
  200  26:51  Photon Cannon x2  
  200  26:52  Photon Cannon  
  200  26:53  Photon Cannon  
  200  26:55  Photon Cannon  
  200  26:57  Photon Cannon  
  200  26:58  Shield Battery  
  200  26:59  Shield Battery  
  200  27:01  Shield Battery  
  200  27:02  Shield Battery x2  
  200  27:03  Photon Cannon  
  200  27:04  Photon Cannon  
  200  27:07  Photon Cannon x2  
  200  27:08  Photon Cannon  
  200  27:09  Photon Cannon  
  200  27:10  Photon Cannon  
  200  27:16  Photon Cannon  
  200  27:17  Photon Cannon  
  200  27:19  Photon Cannon  
  200  27:20  Photon Cannon  
  200  27:22  Photon Cannon  
  200  27:23  Photon Cannon  
  200  27:28  Pylon  
  200  27:39  Pylon  
  200  27:40  Pylon  
  200  27:44  Photon Cannon  
  200  27:46  Photon Cannon x2  
  200  27:47  Photon Cannon  
  200  27:49  Photon Cannon  
  200  27:51  Photon Cannon x2  
  200  27:52  Photon Cannon  
  200  27:53  Photon Cannon  
  200  27:54  Photon Cannon  
  200  27:55  Photon Cannon  
  200  27:56  Photon Cannon  
  200  27:57  Photon Cannon  
  200  27:59  Photon Cannon  
  200  28:00  Photon Cannon  
  200  28:02  Photon Cannon x2  
  200  28:04  Photon Cannon  
  200  28:06  Photon Cannon  
  200  28:07  Photon Cannon x2  
  200  28:15  Photon Cannon  
  200  28:16  Photon Cannon  
  200  28:17  Photon Cannon  
  200  28:19  Photon Cannon  
  200  28:21  Photon Cannon  
  200  28:22  Photon Cannon  
  200  28:24  Photon Cannon  
  200  28:25  Photon Cannon  
  200  28:30  Pylon  
  200  28:31  Protoss Ground Weapons Level 3  
  200  28:47  Anion Pulse-Crystals  
  200  28:49  Charge  
  200  29:00  Photon Cannon  
  200  29:01  Photon Cannon  
  200  29:03  Shield Battery  
  200  29:05  Photon Cannon, Shield Battery  
  200  29:07  Photon Cannon x2  
  200  29:09  Photon Cannon x2  
  200  29:15  Photon Cannon x2  
  200  29:17  Photon Cannon  
  200  29:20  Photon Cannon  
  200  31:19  Protoss Ground Armor Level 3  
  200  32:54  Resonating Glaives  
  188  42:37  Stargate x2  
  188  42:39  Stargate  
  188  42:41  Stargate  
  188  42:43  Stargate  
  188  42:44  Stargate  
  188  42:46  Stargate  
  188  42:48  Stargate  
  188  42:53  Stargate x2  
  188  42:55  Stargate  
  188  42:57  Stargate  
  188  42:59  Stargate  
  188  43:01  Stargate  
  188  43:22  Photon Cannon  
  188  43:24  Photon Cannon  
  188  43:25  Photon Cannon  
  188  43:43  Photon Cannon x2  
  188  43:45  Photon Cannon  
  188  43:47  Photon Cannon  
  188  43:48  Photon Cannon  
  188  43:50  Photon Cannon  
  188  43:52  Photon Cannon  
  188  43:54  Photon Cannon x2  
  188  43:58  Photon Cannon  
  188  44:00  Photon Cannon  
  188  44:01  Photon Cannon  
  188  44:02  Photon Cannon  
  188  44:04  Photon Cannon  
  188  44:05  Photon Cannon  
  188  44:07  Photon Cannon  
  188  44:29  Shield Battery  
  188  44:30  Shield Battery  
  188  44:32  Photon Cannon  
  188  44:34  Photon Cannon, Shield Battery  
  188  44:35  Photon Cannon  
  188  44:37  Shield Battery  
  188  44:40  Shield Battery  
  188  44:41  Shield Battery  
  192  45:48  Void Ray x2  
  192  45:49  Void Ray  
  196  48:19  Void Ray  
  200  48:21  Void Ray  
  204  48:29  Void Ray  
  204  53:18  Photon Cannon  
  204  53:20  Photon Cannon  
  204  53:22  Photon Cannon  
  204  53:24  Photon Cannon  
  204  53:27  Photon Cannon  
  204  53:28  Photon Cannon  
  204  53:31  Photon Cannon  
  204  53:35  Photon Cannon  
  204  53:37  Photon Cannon  
  204  53:39  Photon Cannon  
  204  53:40  Photon Cannon  
  204  53:41  Photon Cannon  
  204  53:48  Photon Cannon  
  204  53:50  Photon Cannon  
  204  53:51  Photon Cannon  
  204  53:52  Photon Cannon  
  204  53:54  Photon Cannon  
  204  53:56  Photon Cannon  
  204  54:00  Photon Cannon  
  276  55:28  Void Ray  
  276  55:29  Void Ray x3  
  276  55:30  Void Ray x6  
  276  55:31  Void Ray x6  
  276  55:32  Void Ray x4  
  296  55:36  Void Ray x3  
  296  55:37  Void Ray x7  
  231  56:11  Void Ray  
  231  56:12  Void Ray x3  
  231  56:13  Void Ray x6  
  231  56:14  Void Ray x5, Pylon  
  231  56:17  Pylon  
  191  56:20  Pylon  
  191  56:25  Pylon  
  207  56:27  Void Ray x2  
  207  56:28  Phoenix x2, Void Ray x4, Pylon  
  207  56:29  Phoenix x2  
  191  56:33  Void Ray  
  191  56:34  Pylon  
  191  56:37  Pylon  
  163  56:41  Pylon  
  163  56:46  Pylon  
  163  56:48  Phoenix, Pylon  
  163  56:49  Phoenix x4  
  163  56:50  Phoenix x4  
  163  56:51  Phoenix x3  
  163  56:52  Pylon  
  163  56:53  Phoenix x2  
  163  56:54  Phoenix x2  
  181  56:55  Stargate  
  181  56:57  Stargate  
  181  56:58  Stargate  
  181  57:00  Stargate  
  151  57:01  Stargate  
  151  57:03  Stargate x2  
  151  57:04  Phoenix x2  
  151  57:05  Phoenix x3, Stargate  
  151  57:06  Stargate  
  137  57:10  Phoenix  
  137  57:12  Stargate  
  137  57:13  Phoenix  
  137  57:14  Phoenix x3  
  137  57:15  Phoenix x3  
  131  57:16  Stargate x2  
  131  57:19  Stargate  
  131  57:21  Stargate  
  131  57:22  Stargate x2  
  119  57:25  Stargate  
  119  57:26  Stargate  
  119  57:29  Stargate  
  110  57:30  Stargate  
  110  57:31  Stargate  
  98  57:37  Phoenix x2, Pylon  
  98  57:38  Phoenix x2  
  98  57:39  Pylon  
  98  57:41  Pylon  
  140  57:48  Void Ray  
  140  57:49  Void Ray x5  
  122  57:52  Pylon  
  122  57:54  Pylon x3  
  122  57:55  Pylon  
  122  57:57  Pylon  
  122  57:58  Pylon  
  165  58:05  Pylon  
  165  58:06  Void Ray  
  165  58:07  Void Ray x8  
  165  58:10  Nexus  
  158  58:16  Phoenix  
  158  58:18  Void Ray x2  
  158  58:19  Void Ray x5  
  184  58:21  Pylon  
  203  58:40  Stargate  
  183  58:41  Phoenix  
  183  58:42  Stargate, Pylon  
  183  58:44  Phoenix x4, Stargate  
  183  58:45  Phoenix x2, Pylon  
  183  58:47  Stargate  
  207  58:49  Void Ray  
  207  58:50  Stargate, Void Ray x2  
  207  58:53  Stargate  
  207  58:55  Phoenix x2  
  200  58:56  Phoenix x4  
  200  58:57  Phoenix  
  193  59:06  Phoenix  
  193  59:09  Phoenix x4  
  197  59:10  Phoenix x2  
  197  59:15  Pylon  
  187  59:20  Phoenix  
  187  59:21  Pylon  
  177  59:24  Gateway  
  177  59:26  Gateway  
  177  59:28  Pylon  
  177  59:29  Gateway, Pylon  
  167  59:32  Gateway  
  167  59:33  Gateway, Phoenix x6  
  167  59:34  Phoenix x5, Fleet Beacon  
  167  59:35  Phoenix x2  
  167  59:38  Fleet Beacon, Void Ray x2  
  185  59:39  Gateway, Void Ray  
  185  59:42  Gateway  
  185  59:44  Gateway  
  185  59:45  Phoenix  
  179  59:46  Gateway  
  179  59:48  Gateway  
  179  59:50  Gateway  
  155  59:55  Gateway  
  155  59:57  Gateway  
  155  59:58  Phoenix x3  
  155  59:59  Phoenix x7  
  153  60:01  Pylon  
  153  60:05  Pylon  
  139  60:10  Phoenix  
  139  60:11  Pylon  
  133  60:14  Pylon  
  133  60:15  Phoenix x2  
  133  60:16  Phoenix  
  133  60:17  Pylon  
  133  60:21  Pylon  
  139  60:23  Phoenix x2  
  139  60:25  Pylon  
  193  60:28  Void Ray  
  193  60:29  Void Ray x9  
  193  60:30  Void Ray x7  
  193  60:31  Pylon  
  193  60:33  Pylon  
  197  60:41  Void Ray  
  209  60:44  Pylon  
  209  60:46  Void Ray x2  
  209  60:47  Void Ray, Pylon  
  215  60:52  Pylon  
  215  60:54  Void Ray x2  
  215  60:56  Pylon  
  205  61:11  Void Ray  
  205  61:12  Void Ray x7  
  205  61:17  Zealot x5  
  205  61:18  Zealot x3  
  259  61:19  Void Ray  
  259  61:20  Void Ray x8  
  259  61:21  Fleet Beacon  
  259  61:24  Cybernetics Core, Void Ray  
  269  61:29  Void Ray x2  
  269  61:30  Cybernetics Core, Void Ray  
  277  61:37  Void Ray x2  
  259  61:52  Cybernetics Core  
  274  61:54  Void Ray  
  274  61:55  Void Ray x6  
  291  62:02  Void Ray  
  291  62:03  Void Ray x7  
  291  62:04  Cybernetics Core  
  251  62:11  Zealot  
  251  62:12  Zealot x4  
  251  62:13  Zealot x3  
  271  62:37  Void Ray  
  271  62:38  Void Ray x2  
  271  62:41  Tempest  
  271  62:42  Pylon  
  271  62:46  Pylon  
  271  62:47  Void Ray  
  271  62:51  Pylon  
  271  62:53  Void Ray, Pylon  
  270  62:58  Pylon  
  270  62:59  Pylon  
  270  63:03  Pylon, Nexus  
  270  63:05  Pylon  
  270  63:07  Pylon, Nexus  
  270  63:08  Pylon  
  270  63:09  Void Ray, Forge  
  270  63:10  Pylon  
  270  63:11  Pylon  
  270  63:12  Fleet Beacon, Pylon  
  270  63:13  Pylon  
  270  63:16  Pylon  
  270  63:18  Pylon  
  270  63:23  Pylon  
  270  63:26  Nexus  
  256  63:28  Pylon  
  256  63:29  Nexus  
  256  63:30  Pylon  
  256  63:33  Pylon  
  256  63:34  Nexus  
  254  63:35  Pylon, Nexus  
  254  63:36  Pylon  
  254  63:37  Nexus  
  254  63:39  Pylon  
  254  63:40  Pylon  
  254  63:41  Pylon  
  254  63:42  Pylon  
  254  63:44  Pylon  
  254  63:45  Pylon  
  254  63:46  Pylon  
  254  63:47  Pylon  
  254  63:49  Pylon  
  254  63:50  Pylon  
  254  63:52  Void Ray  
  254  63:53  Pylon  
  254  63:55  Pylon  
  262  63:57  Pylon  
  262  63:58  Pylon  
  262  64:00  Void Ray x2  
  262  64:01  Pylon  
  262  64:02  Forge  
  286  64:03  Void Ray x2, Pylon  
  286  64:04  Pylon  
  286  64:05  Void Ray x2  
  286  64:06  Fleet Beacon, Void Ray x2, Pylon  
  286  64:09  Pylon  
  301  64:11  Void Ray x2  
  301  64:13  Pylon  
  301  64:14  Void Ray x2  
  301  64:15  Pylon  
  315  64:17  Void Ray  
  315  64:18  Pylon  
  315  64:19  Void Ray x2  
  315  64:21  Pylon, Void Ray  
  297  64:43  Void Ray  
  285  64:48  Void Ray  
  285  64:49  Probe  
  288  64:57  Void Ray  
  293  65:01  Probe  
  182  65:15  Stargate  
  182  65:18  Stargate  
  182  65:20  Stargate  
  117  65:29  Probe  
  117  65:31  Probe  
  79  65:36  Photon Cannon  
  79  65:37  Photon Cannon  
  79  65:41  Photon Cannon  
  79  65:42  Probe  
  36  65:44  Probe  
  36  65:45  Photon Cannon  
  5  65:54  Probe  
  5  65:56  Probe  
Show
View Real Time Build Order
Export as new Build Order

Slamy Zerg 

Build Orders: Pool First 

Get SALT Encoding   

  12  0:31  Drone x2  
  14  0:45  Overlord x2  
  14  0:46  Spawning Pool  
  13  0:56  Hatchery  
  12  0:58  Hatchery  
  12  1:00  Drone  
  12  1:09  Drone  
  13  1:19  Drone  
  14  1:33  Metabolic Boost  
  14  2:02  Drone x3  
  17  2:09  Spine Crawler  
  17  2:10  Spine Crawler  
  17  2:11  Spine Crawler  
  17  2:12  Spine Crawler  
  17  2:14  Spine Crawler  
  12  2:18  Spine Crawler  
  12  2:22  Drone  
  12  2:29  Drone  
  13  2:35  Drone  
  14  2:38  Drone  
  15  2:46  Drone  
  15  2:47  Drone  
  17  3:13  Drone x5  
  17  3:14  Drone  
  23  3:32  Hatchery  
  22  3:35  Drone  
  22  3:36  Unknown  
  22  3:42  Drone  
  22  3:43  Drone x2  
  25  3:53  Drone x3  
  28  3:56  Unknown  
  28  3:57  Drone  
  28  4:07  Drone  
  28  4:08  Drone x3  
  32  4:13  Drone x2  
  32  4:16  Drone  
  35  4:21  Overlord  
  35  4:25  Overlord  
  35  4:29  Overlord  
  35  4:32  Drone  
  35  4:33  Drone  
  37  4:40  Drone  
  37  4:42  Drone x3  
  41  4:49  Drone  
  41  4:50  Drone x2  
  44  4:55  Extractor  
  44  4:56  Extractor  
  42  5:08  Drone x3  
  42  5:09  Drone x3  
  48  5:16  Drone  
  48  5:17  Drone x3  
  48  5:19  Drone  
  53  5:25  Drone  
  53  5:26  Drone  
  55  5:33  Lair  
  55  5:34  Hatchery  
  54  5:38  Hatchery  
  54  5:41  Overlord x3  
  53  5:45  Drone x2  
  53  5:46  Drone  
  53  5:47  Drone  
  53  5:48  Drone x2  
  59  5:58  Drone x3  
  62  6:10  Extractor  
  61  6:11  Extractor  
  60  6:25  Drone  
  60  6:26  Drone x2  
  60  6:27  Drone x2  
  60  6:30  Drone  
  66  6:37  Spine Crawler  
  65  6:45  Drone  
  65  6:46  Drone x4  
  70  6:54  Evolution Chamber  
  70  6:55  Evolution Chamber  
  70  6:57  Evolution Chamber  
  70  6:59  Roach Warren  
  70  7:00  Baneling Nest  
  65  7:04  Infestation Pit  
  64  7:10  Hydralisk Den  
  64  7:13  Spire  
  64  7:14  Drone x3  
  64  7:15  Drone x5, Spire  
  68  7:16  Drone x5  
  68  7:17  Drone x3  
  77  7:43  Lurker Den  
  76  7:51  Hatchery  
  75  7:53  Hatchery  
  75  7:55  Hatchery  
  75  7:56  Hatchery  
  75  7:57  Hatchery  
  75  7:58  Hatchery  
  70  7:59  Hatchery  
  69  8:08  Hatchery  
  69  8:11  Zerg Melee Weapons Level 1  
  69  8:12  Hatchery, Zerg Ground Armor Level 1, Zerg Missile Weapons Level 1  
  68  8:14  Glial Reconstitution  
  68  8:16  Hatchery  
  68  8:17  Centrifugal Hooks  
  68  8:18  Neural Parasite  
  68  8:19  Grooved Spines  
  66  8:22  Hive  
  66  8:24  Lair  
  66  8:26  Lair  
  66  8:28  Lair  
  66  8:31  Pneumatized Carapace, Burrow  
  66  9:09  Muscular Augments  
  66  9:19  Zerg Flyer Weapons Level 1  
  66  9:20  Zerg Flyer Armor Level 1  
  66  9:33  Tunneling Claws  
  67  9:45  Drone x2  
  67  9:46  Drone x4  
  67  9:48  Drone x2  
  67  9:49  Drone  
  75  9:56  Ultralisk Cavern  
  75  9:58  Nydus Network  
  73  10:00  Nydus Network  
  72  11:12  Overlord x3  
  72  11:13  Overlord x5  
  72  11:14  Overlord x3  
  72  11:15  Overlord  
  72  11:19  Ultralisk x7  
  72  11:20  Ultralisk x9  
  168  11:38  Ultralisk  
  168  11:39  Ultralisk x4  
  198  11:41  Chitinous Plating  
  198  11:44  Adaptive Talons  
  198  11:49  Adrenal Glands  
  198  12:23  Zerg Ground Armor Level 2, Zerg Melee Weapons Level 2  
  198  12:24  Zerg Missile Weapons Level 2  
  198  12:37  Zerg Flyer Weapons Level 2, Zerg Flyer Armor Level 2  
  198  12:41  Seismic Spines  
  198  12:49  Unknown  
  198  13:00  Anabolic Synthesis  
  198  13:14  Hive x3  
  198  19:28  Zerg Melee Weapons Level 3  
  198  19:29  Zerg Missile Weapons Level 3, Zerg Ground Armor Level 3  
  198  19:31  Zerg Flyer Armor Level 3, Zerg Flyer Weapons Level 3  
  198  27:56  Greater Spire  
Show
View Real Time Build Order
Export as new Build Order

Motive Terran 

Build Orders:  

Get SALT Encoding   

  12  0:32  SCV  
  13  0:42  Supply Depot  
  13  0:44  SCV  
  14  0:56  SCV, Command Center  
  15  1:06  Barracks  
  15  1:08  SCV  
  16  1:15  Refinery x2  
  16  1:20  SCV  
  17  1:32  SCV  
  18  1:44  SCV  
  19  1:55  Barracks Tech Lab  
  19  1:57  Orbital Command, Factory  
  19  2:07  Orbital Command  
  19  2:40  SCV  
  19  2:43  SCV  
  21  2:47  Factory Tech Lab  
  21  2:51  Armory  
  21  2:52  SCV  
  21  2:55  SCV  
  21  2:58  Refinery  
  23  3:00  Refinery  
  23  3:04  SCV  
  24  3:08  SCV  
  25  3:16  SCV, Command Center  
  26  3:20  SCV  
  26  3:23  Command Center  
  27  3:28  SCV  
  27  3:32  SCV  
  29  3:34  Mag-Field Accelerator  
  29  3:40  SCV  
  30  3:52  SCV  
  31  3:59  Engineering Bay  
  31  4:02  Cyclone  
  34  4:04  SCV  
  35  4:13  SCV  
  35  4:16  SCV  
  37  4:28  SCV, Orbital Command  
  38  4:33  Command Center  
  38  4:34  Orbital Command  
  38  4:41  SCV, Cyclone  
  42  4:48  SCV  
  43  4:53  SCV  
  44  5:00  SCV  
  44  5:05  SCV  
  46  5:12  SCV  
  47  5:14  Command Center  
  47  5:17  SCV  
  48  5:24  SCV, Armory, Terran Vehicle Weapons Level 1  
  49  5:29  SCV  
  50  5:36  SCV  
  50  5:41  SCV  
  50  5:42  Factory  
  52  5:44  Factory  
  52  5:45  Factory  
  52  5:48  SCV, Neosteel Armor  
  53  5:50  Orbital Command  
  53  5:53  SCV  
  53  5:55  Command Center  
  54  6:05  SCV  
  55  6:16  Factory  
  55  6:17  SCV  
  56  6:26  Orbital Command  
  56  6:29  Command Center  
  56  6:52  Terran Vehicle And Ship Armor Level 1  
  56  6:59  Factory Tech Lab x2  
  56  7:00  Factory Tech Lab x2  
  56  7:03  Factory  
  56  7:06  Factory  
  56  7:12  Factory, Thor  
  62  7:23  Orbital Command, Factory  
  62  7:28  Hi-Sec Auto Tracking, Command Center  
  62  7:43  Orbital Command  
  62  7:48  Factory Tech Lab  
  62  7:58  Factory x2  
  62  8:07  Factory  
  62  8:11  Factory  
  62  8:12  Factory Tech Lab x2  
  62  8:13  Factory Tech Lab  
  62  8:17  Thor x2  
  74  8:30  Command Center  
  74  8:56  Command Center  
  74  9:01  Factory Tech Lab x2  
  74  9:02  Factory Tech Lab x2  
  74  9:41  Smart Servos, Factory, Drilling Claws  
  74  9:44  Thor  
  74  9:45  Thor x3  
  92  9:46  Thor  
  92  9:48  Orbital Command  
  104  9:53  Orbital Command  
  104  10:08  Orbital Command  
  104  10:29  Terran Vehicle And Ship Armor Level 2, Terran Vehicle Weapons Level 2  
  104  10:41  Cyclone x7  
  104  10:42  Cyclone x2  
  131  10:43  Cyclone  
  134  11:14  Command Center  
  134  11:15  Command Center  
  134  11:18  Command Center  
  134  11:24  Command Center  
  134  11:27  Cyclone x6  
  152  12:36  Factory  
  152  12:42  Factory  
  152  12:51  Factory  
  152  12:58  Factory  
  152  13:00  Cyclone x2  
  152  13:01  Cyclone x4  
  170  13:28  Factory Tech Lab x2  
  170  13:36  Factory Tech Lab  
  170  13:41  Factory Tech Lab  
  170  13:51  Cyclone x3  
  170  13:52  Cyclone x2  
  185  14:23  Terran Vehicle Weapons Level 3  
  185  14:32  Command Center  
  185  14:37  Terran Vehicle And Ship Armor Level 3  
  185  15:39  Cyclone x4  
  197  16:06  Missile Turret  
  197  16:09  Missile Turret  
  197  16:27  Missile Turret  
  197  16:29  Missile Turret  
  197  16:49  Missile Turret  
  197  16:52  Missile Turret  
  197  17:10  Missile Turret  
  197  17:12  Missile Turret  
  197  17:13  Command Center x3  
  197  17:15  Command Center  
  197  17:29  Missile Turret  
  197  17:40  Sensor Tower  
  197  17:53  Missile Turret  
  197  17:55  Missile Turret  
  197  18:12  Sensor Tower  
  197  18:15  Missile Turret x5  
  197  18:18  Missile Turret  
  197  18:34  Missile Turret  
  197  18:35  Missile Turret  
  197  18:37  Missile Turret  
  197  18:39  Missile Turret  
  197  18:41  Missile Turret  
  197  18:42  Planetary Fortress x3  
  197  18:45  Planetary Fortress  
  197  18:46  Sensor Tower  
  197  18:57  Missile Turret  
  197  18:59  Missile Turret  
  197  19:11  Missile Turret  
  197  19:12  Sensor Tower  
  197  19:13  Missile Turret  
  197  19:15  Planetary Fortress  
  197  19:16  Missile Turret, Planetary Fortress x3  
  197  19:17  Missile Turret  
  197  19:19  Missile Turret  
  197  19:37  Missile Turret  
  197  19:39  Missile Turret  
  197  19:45  Sensor Tower  
  197  19:58  Missile Turret  
  197  20:02  Missile Turret  
  197  20:08  Terran Ship Weapons Level 1  
  197  20:25  Missile Turret  
  197  20:35  Missile Turret  
  197  20:45  Missile Turret x2  
  197  20:54  Missile Turret  
  197  21:07  Missile Turret  
  197  21:19  Missile Turret  
  197  21:21  Missile Turret  
  197  21:25  Missile Turret  
  197  21:27  Missile Turret  
  197  21:43  Missile Turret  
  197  22:11  Missile Turret  
  197  22:13  Missile Turret  
  197  22:31  Missile Turret  
  196  23:03  Missile Turret  
  195  23:28  Missile Turret  
  195  23:35  Missile Turret  
  195  23:48  Missile Turret  
  195  23:49  Missile Turret  
  195  23:53  Missile Turret  
  195  24:07  Missile Turret x2  
  195  24:26  Missile Turret  
  195  24:27  Missile Turret  
  195  24:33  Missile Turret  
  195  24:45  Missile Turret x2  
  195  24:52  Missile Turret  
  195  24:59  Missile Turret  
  195  25:02  Missile Turret  
  195  25:03  Missile Turret  
  195  25:05  Missile Turret  
  195  25:07  Missile Turret  
  195  25:17  Missile Turret  
  195  25:20  Missile Turret  
  195  25:22  Missile Turret  
  195  25:26  Missile Turret  
  189  25:39  Missile Turret  
  189  25:40  Missile Turret  
  188  25:45  Missile Turret  
  188  25:54  Missile Turret  
  188  25:57  Missile Turret  
  188  25:59  Missile Turret  
  188  26:17  Missile Turret  
  187  26:36  Missile Turret  
  187  26:37  Missile Turret  
  187  26:40  Terran Ship Weapons Level 2  
  187  26:56  Missile Turret  
  187  27:13  Missile Turret  
  187  27:14  Missile Turret  
  187  27:32  Missile Turret  
  187  27:40  Missile Turret  
  187  27:45  Missile Turret  
  187  27:51  Missile Turret  
  187  27:59  Missile Turret  
  187  28:08  Missile Turret  
  187  28:12  Missile Turret  
  187  28:15  Barracks  
  187  28:41  Barracks  
  187  28:55  Missile Turret  
  187  29:06  Barracks  
  187  29:21  Barracks  
  187  29:25  Cyclone x4  
  199  30:23  Barracks  
  199  30:24  Barracks  
  199  30:29  Barracks  
  199  31:30  Barracks  
  199  31:31  Barracks  
  199  31:36  Barracks  
  193  32:41  Barracks  
  193  32:43  Barracks  
  193  32:47  Barracks  
  193  36:56  Thor  
  154  44:07  Cyclone x3  
  154  44:08  Cyclone x9  
  184  44:52  SCV  
  184  45:05  SCV  
  116  45:17  SCV  
  117  45:26  Cyclone x7  
  117  45:27  Cyclone x8  
  117  45:28  Cyclone x3  
  171  45:29  SCV  
  172  45:41  SCV  
  170  45:58  Cyclone x5  
  170  46:06  Thor x2  
  170  46:07  Thor x5  
  176  46:56  Thor x4  
  179  47:03  Thor  
  179  47:04  Cyclone x2  
  179  47:05  Cyclone x4  
  194  47:11  Cyclone x3  
  194  47:12  Cyclone  
  197  47:21  Cyclone x3  
  164  47:33  Command Center  
  164  47:36  Cyclone  
  164  47:37  Cyclone x5, Command Center  
  170  47:39  Cyclone x4, Command Center  
  170  47:43  Cyclone x2  
  200  48:31  Orbital Command  
  194  49:53  SCV  
  195  50:02  Refinery x2  
  195  50:05  SCV  
  196  50:11  Planetary Fortress x3  
  196  50:17  SCV  
  197  50:22  Sensor Tower  
  197  50:26  SCV  
  198  50:57  Sensor Tower  
  198  51:15  SCV  
  199  51:23  Sensor Tower  
  199  51:27  Sensor Tower  
  199  51:29  SCV  
  199  51:30  Sensor Tower  
  200  51:53  Sensor Tower  
  200  51:54  Command Center  
  200  52:13  Sensor Tower  
  200  53:10  Missile Turret, Planetary Fortress  
  200  53:19  Factory  
  200  53:28  Missile Turret  
  200  53:47  Missile Turret  
  200  53:49  Factory  
  200  53:53  Factory  
  200  54:07  Missile Turret  
  200  54:08  Factory  
  200  54:27  Missile Turret  
  200  54:35  Factory Tech Lab x2, Factory  
  200  54:38  Factory Tech Lab  
  200  54:39  Factory  
  200  55:05  Factory  
  200  55:22  Factory  
  200  55:27  Factory Tech Lab x3  
  190  56:03  Factory Tech Lab  
  144  56:12  Siege Tank x5  
  144  56:13  Siege Tank x8  
  144  56:14  Siege Tank x5  
  144  56:17  Siege Tank  
  121  56:38  Command Center  
  121  56:39  Command Center  
  115  56:40  Command Center  
  103  56:53  Siege Tank x4  
  73  57:03  SCV  
  68  57:10  Siege Tank x2  
  68  57:11  Factory Tech Lab x2  
  68  57:15  SCV  
  72  57:25  Siege Tank x3  
  72  57:27  Siege Tank  
  72  57:28  SCV  
  83  57:36  Siege Tank  
  83  57:40  SCV  
  81  57:45  Siege Tank  
  81  57:50  Siege Tank x2  
  88  57:52  SCV  
  88  57:57  Siege Tank x3  
  95  57:59  Siege Tank, Engineering Bay  
  98  58:08  Siege Tank  
  98  58:12  SCV  
  102  58:16  Supply Depot x3  
  102  58:17  Supply Depot  
  102  58:18  Siege Tank  
  105  58:20  Supply Depot  
  105  58:24  Planetary Fortress  
  105  58:25  Planetary Fortress x2  
  105  58:30  Siege Tank, SCV  
  105  58:31  Widow Mine, Missile Turret  
  105  58:36  Missile Turret  
  105  58:38  Siege Tank x3, Widow Mine, Missile Turret  
  105  58:41  Widow Mine  
  118  58:42  SCV  
  118  58:43  Supply Depot  
  119  58:50  Widow Mine  
  119  58:52  Widow Mine  
  119  58:55  SCV  
  124  58:58  Command Center  
  124  59:01  Command Center  
  124  59:07  SCV  
  124  59:15  Widow Mine x5  
  124  59:16  Widow Mine, Command Center  
  136  59:18  Command Center  
  136  59:34  Missile Turret  
  136  59:35  Missile Turret  
  136  59:41  Missile Turret  
  136  60:06  Supply Depot  
  136  60:09  Supply Depot  
  136  60:11  Supply Depot  
  136  60:28  Supply Depot x3  
  136  60:31  Supply Depot  
  136  60:32  Siege Tank  
  136  60:33  Siege Tank x2, Supply Depot  
  145  60:49  Siege Tank x3  
  154  60:50  Siege Tank x2  
  154  60:51  Supply Depot x2  
  154  60:53  Supply Depot  
  154  60:56  Supply Depot x2  
  160  61:04  Siege Tank  
  160  61:05  Siege Tank x2  
  169  61:14  Supply Depot  
  169  61:21  Siege Tank x2  
  175  61:30  Command Center  
  175  61:44  Orbital Command  
  175  61:45  Orbital Command  
  175  61:51  Command Center  
  175  61:55  Command Center  
  175  61:56  Siege Tank x2  
  175  61:57  Siege Tank x3  
  175  61:58  Siege Tank  
  175  61:59  Siege Tank  
  142  62:19  Cyclone  
  124  62:28  Cyclone  
  124  62:29  Cyclone x4  
  139  62:30  Cyclone  
  139  62:31  Cyclone  
  142  62:51  Cyclone  
  139  63:00  Cyclone  
  139  63:01  Cyclone x4  
  139  63:02  Cyclone  
  139  63:04  Cyclone  
  139  63:05  Orbital Command  
  151  63:06  Orbital Command  
  151  63:10  Command Center  
  151  63:12  Command Center  
  151  63:23  Cyclone  
  154  63:33  Cyclone x5  
  169  63:34  Cyclone, Factory  
  169  63:35  Factory  
  169  63:36  Cyclone  
  175  63:45  Factory  
  175  63:46  Factory  
  175  63:56  Cyclone  
  178  64:05  Cyclone x4  
  178  64:08  Cyclone  
  198  64:20  Factory  
  198  64:21  Factory  
  125  64:43  Cyclone x2  
  125  64:45  Factory Tech Lab x2  
  98  65:05  Command Center  
  98  65:08  Factory  
  98  65:14  Factory Tech Lab x2  
  98  65:19  Factory  
  98  65:22  Factory  
  98  65:28  Orbital Command  
  98  65:32  Supply Depot  
  98  65:33  Supply Depot  
  98  65:53  Factory  
  98  65:54  Supply Depot  
  101  65:57  Supply Depot  
Show
View Real Time Build Order
Export as new Build Order

meatyowllegs Zerg 

Build Orders: Pool First 

Get SALT Encoding   

  12  0:36  Drone x2  
  12  0:38  Overlord  
  14  0:49  Spawning Pool  
  13  0:51  Drone  
  13  0:54  Extractor  
  13  0:58  Drone  
  13  1:02  Hatchery  
  13  1:11  Drone  
  14  1:21  Drone  
  15  1:38  Queen  
  17  1:41  Drone x2  
  19  2:02  Drone  
  19  2:05  Overlord  
  20  2:18  Drone  
  20  2:19  Drone  
  22  2:23  Hatchery  
  22  2:24  Lair  
  22  2:25  Queen  
  22  2:28  Drone x2  
  25  2:50  Drone x4  
  25  2:51  Drone x3  
  32  2:54  Extractor  
  31  3:08  Hatchery, Queen  
  31  3:09  Overlord  
  31  3:10  Overlord x2  
  32  3:25  Queen  
  34  3:30  Drone  
  34  3:31  Drone x3  
  38  3:38  Extractor  
  38  3:40  Extractor  
  36  3:43  Drone x3  
  36  3:44  Drone  
  36  3:47  Drone  
  41  3:50  Drone  
  41  3:54  Drone  
  43  3:56  Drone  
  44  4:05  Drone x3  
  44  4:06  Drone  
  48  4:26  Infestation Pit  
  47  4:31  Drone  
  47  4:32  Drone x10  
  58  5:01  Spore Crawler  
  57  5:15  Hydralisk Den  
  57  5:18  Evolution Chamber  
  55  5:21  Evolution Chamber  
  55  5:25  Hive  
  54  5:48  Muscular Augments  
  54  5:51  Zerg Missile Weapons Level 1  
  54  5:52  Zerg Ground Armor Level 1  
  54  6:03  Lurker Den  
  53  6:10  Overseer x2  
  53  6:33  Hatchery  
  53  6:38  Hatchery  
  51  6:42  Drone x2  
  51  6:43  Drone x2  
  55  6:50  Spore Crawler  
  55  6:52  Grooved Spines  
  54  7:05  Seismic Spines  
  54  7:41  Hatchery  
  54  7:46  Zerg Missile Weapons Level 2  
  54  7:47  Zerg Ground Armor Level 2  
  54  8:02  Adaptive Talons  
  54  8:05  Overlord x13  
  54  8:06  Overlord  
  54  8:07  Overlord x2  
  54  8:25  Hydralisk Den  
  53  8:29  Spire  
  52  8:46  Unknown  
  52  8:51  Burrow, Neural Parasite  
  52  8:53  Pneumatized Carapace  
  52  9:03  Drone x2  
  54  9:25  Spore Crawler  
  54  9:30  Spore Crawler  
  52  9:41  Zerg Flyer Weapons Level 1, Spire  
  51  9:47  Hydralisk  
  51  9:48  Hydralisk x27  
  51  9:49  Hydralisk x10  
  51  9:50  Hydralisk  
  131  9:56  Hydralisk  
  131  9:59  Overseer x2  
  131  10:40  Zerg Missile Weapons Level 3, Zerg Ground Armor Level 3  
  131  10:54  Zerg Flyer Armor Level 1  
  131  11:11  Infestor x2  
  135  11:44  Infestor x2  
  139  11:56  Zerg Flyer Weapons Level 2  
  139  12:03  Metabolic Boost  
  139  13:55  Hydralisk x8  
  139  13:56  Hydralisk x16  
  139  13:59  Hydralisk  
  189  14:31  Zerg Melee Weapons Level 1  
  189  14:35  Adrenal Glands  
  189  15:11  Zerg Flyer Weapons Level 3  
  189  15:30  Zerg Flyer Armor Level 2  
  189  15:35  Viper  
  192  16:34  Viper x2  
  199  16:47  Drone  
  199  16:53  Zerg Melee Weapons Level 2  
  199  18:20  Hatchery  
  199  18:22  Hatchery  
  199  18:27  Hatchery x2, Zerg Flyer Armor Level 3  
  196  18:29  Hatchery, Greater Spire  
  196  18:31  Hatchery  
  196  18:32  Hatchery  
  192  18:34  Hatchery  
  191  18:49  Drone x3  
  191  18:50  Drone x5  
  199  20:42  Spore Crawler x3  
  196  20:44  Spore Crawler x2  
  196  20:46  Spore Crawler x2  
  196  20:48  Spore Crawler  
  196  20:49  Spore Crawler  
  190  20:55  Spine Crawler  
  190  20:56  Spine Crawler x4  
  185  20:57  Spine Crawler  
  185  20:59  Spine Crawler  
  183  21:10  Drone x2  
  183  21:11  Drone x5  
  188  21:12  Drone x5  
  188  21:13  Drone x5  
  188  21:16  Zerg Melee Weapons Level 3  
  200  23:11  Spore Crawler  
  200  23:12  Spore Crawler x3  
  197  23:13  Spore Crawler  
  197  23:14  Spore Crawler x2  
  197  23:15  Spore Crawler  
  197  23:17  Spore Crawler  
  191  23:22  Spine Crawler  
  191  23:24  Spine Crawler  
  191  23:25  Spine Crawler  
  191  23:26  Spine Crawler  
  191  23:27  Spine Crawler  
  186  23:29  Spine Crawler  
  186  23:33  Spore Crawler  
  184  23:34  Spore Crawler  
  184  23:36  Drone  
  184  23:37  Drone x8  
  184  23:38  Drone x8  
  200  24:22  Spine Crawler x2  
  198  24:24  Spine Crawler x2  
  198  24:25  Spine Crawler  
  198  24:27  Spine Crawler x2  
  198  24:28  Spore Crawler  
  198  24:29  Spore Crawler x2  
  198  24:30  Spore Crawler  
  198  24:31  Spore Crawler x2  
  188  24:32  Spore Crawler  
  188  24:33  Spore Crawler  
  188  24:35  Spore Crawler  
  184  24:39  Spore Crawler  
  184  24:40  Drone x3  
  184  24:41  Drone x14  
  200  25:54  Spore Crawler x2  
  200  25:55  Spore Crawler  
  197  25:57  Spine Crawler  
  197  26:00  Spine Crawler  
  197  26:01  Spine Crawler  
  197  26:02  Spine Crawler  
  193  26:05  Spine Crawler  
  193  26:06  Spine Crawler  
  193  26:08  Spine Crawler  
  193  26:09  Spine Crawler  
  189  26:13  Spine Crawler  
  189  26:14  Spine Crawler  
  189  26:15  Spine Crawler, Drone  
  189  26:16  Drone x13  
  200  26:49  Spore Crawler x2  
  200  26:50  Spore Crawler x2  
  200  26:51  Spore Crawler x2  
  200  26:52  Spore Crawler x2  
  192  26:54  Spore Crawler x2  
  192  26:55  Drone, Spore Crawler  
  192  26:56  Drone x10  
  192  26:57  Drone, Spore Crawler  
  200  27:02  Spine Crawler  
  200  27:05  Spine Crawler  
  198  27:32  Spine Crawler  
  198  27:33  Spine Crawler x2  
  198  27:34  Spine Crawler  
  194  27:37  Spine Crawler  
  194  27:38  Spine Crawler x2  
  191  27:49  Spore Crawler x2  
  191  27:50  Spore Crawler  
  188  27:51  Spore Crawler  
  188  27:56  Drone, Spore Crawler  
  188  27:57  Drone x13  
  200  28:43  Spore Crawler  
  200  28:45  Spore Crawler  
  200  28:46  Spine Crawler  
  197  28:50  Hatchery  
  197  28:51  Spore Crawler  
  197  28:53  Spore Crawler x2  
  197  28:54  Spore Crawler  
  192  28:57  Spore Crawler  
  192  28:58  Spore Crawler  
  192  28:59  Spore Crawler  
  192  29:00  Spore Crawler  
  192  29:01  Spore Crawler x2  
  187  29:02  Drone  
  187  29:03  Drone x13  
  200  29:57  Spore Crawler x2  
  200  29:58  Spore Crawler  
  197  30:00  Spore Crawler  
  197  30:01  Spore Crawler  
  197  30:02  Spore Crawler  
  197  30:03  Spore Crawler  
  197  30:04  Spore Crawler x2  
  197  30:05  Spore Crawler  
  197  30:06  Spore Crawler  
  189  30:10  Spore Crawler  
  189  30:13  Spore Crawler x2  
  186  30:15  Drone  
  186  30:16  Drone x13  
  200  30:47  Spine Crawler  
  200  30:49  Spine Crawler x2  
  197  30:50  Spine Crawler x3  
  197  30:55  Spine Crawler  
  193  30:57  Spine Crawler x2  
  193  30:58  Spine Crawler  
  193  31:00  Spine Crawler  
  193  31:02  Spine Crawler  
  193  31:03  Spine Crawler x2  
  186  31:25  Drone x6  
  188  31:26  Drone x8  
  200  38:32  Spore Crawler  
  200  38:34  Spore Crawler x2  
  198  38:35  Spore Crawler x3  
  198  38:36  Spore Crawler  
  198  38:37  Spore Crawler x3  
  198  38:39  Spore Crawler  
  198  38:40  Spine Crawler x2, Spore Crawler  
  186  38:42  Spine Crawler x3, Spore Crawler  
  186  38:43  Spine Crawler, Spore Crawler  
  186  38:44  Spine Crawler x8  
  186  38:45  Spore Crawler  
  186  38:46  Spine Crawler x2, Spore Crawler  
  186  38:47  Spine Crawler x2  
  166  38:56  Spine Crawler x2  
  166  38:57  Spine Crawler, Viper x3  
  166  38:58  Spine Crawler x3, Viper x2  
  166  38:59  Spine Crawler x3  
  166  39:02  Spine Crawler x2  
  174  39:04  Infestor  
  174  39:05  Infestor x3  
  178  39:18  Hydralisk x9  
  178  39:19  Hydralisk x2  
  200  40:34  Overseer x2  
  200  40:35  Overseer x4  
  52  47:28  Hydralisk x2  
  52  47:29  Hydralisk x14  
  60  47:30  Hydralisk x2  
  60  47:36  Hydralisk  
  60  47:37  Hydralisk x13  
  146  47:46  Hydralisk x9  
Tags
 
Add a new tag
Caveats
  • Supply blocks, unpowered buildings, or Contaminate may cause inaccurate times.
  • Supply counts are checked every 10 seconds.